Workbook
Name ___INDEX_SHEET___ASAP_Utilities: #REF!
Name ___INDEX_SHEET___ASAP_Utilities: #REF!
Name ___WSH7: #REF!
Name ___WSH7: #REF!
Name __WSH7: #REF!
Name __WSH7: #REF!
Name _1E_1: #N/A
Name _31_Dec_00: #REF!
Name _31_Dec_00: #REF!
Name _31_Jan_01: #REF!
Name _31_Jan_01: #REF!
Name _WSH7: #REF!
Name _WSH7: #REF!
Name Alloc02: #REF!
Name Alloc02: #REF!
Name Alloc03: #REF!
Name Alloc03: #REF!
Name AllocTY: #REF!
Name AllocTY: #REF!
Name Arkansas: #REF!
Name Arkansas: #REF!
Name Balances: #REF!
Name Balances: #REF!
Name CapAlloc: #REF!
Name CapAlloc: #REF!
Name CH_COS: #REF!
Name CH_COS: #REF!
Name CoCode0100: #REF!
Name CoCode0100: #REF!
Name CoCode0200: #REF!
Name CoCode0200: #REF!
Name CoCode0400: #REF!
Name CoCode0400: #REF!
Name CoCode0500: #REF!
Name CoCode0500: #REF!
Name Columns: #REF!
Name Columns: #REF!
Name CONOCO_FAC: #REF!
Name CONOCO_FAC: #REF!
Name cp_by_group: #REF!
Name cp_by_group: #REF!
Name cp_by_serv_level: #REF!
Name cp_by_serv_level: #REF!
Name cp_input_area: #REF!
Name cp_input_area: #REF!
Name Current_sum: #REF!
Name Current_sum: #REF!
Name data_3: #REF!
Name DefaultCopy: #REF!
Name DefaultCopy: #REF!
Name DefaultPaste: #REF!
Name DefaultPaste: #REF!
Name detail: #REF!
Name detail: #REF!
Name dg: #REF!
Name dg: #REF!
Name error: #REF!
Name error: #REF!
Name FED: #REF!
Name FED: #REF!

Sheet Attachment H-30A
J1: Page 1 of 5
B3: Formula Rate - Non-Levelized | D3: Rate Formula Template - Attachment H-30A | J3: For the 12 months ended 12/31/27
D4: Utilizing FERC Form 1 Data
D5: Transource Maryland, LLC
B8: (1) | C8: (2) | D8: (3) | G8: (4) | I8: (5)
A9: Line | I9: Allocated
A10: No. | C10: Source | I10: Amount
A11: 1 | B11: GROSS REVENUE REQUIREMENT, without incentives | C11: (page 3, line 49) | I11: =+I171 -> 1728610.6
B13: REVENUE CREDITS | C13: (Note A) | D13: Total | F13: Allocator
A14: =+A11+1 -> 2 | B14: Account No. 454 | C14: ="(page 4, line "&A210&")" -> (page 4, line 20) | D14: =I210 -> 0 | F14: TP | G14: =$I$189 -> 1 | I14: =+G14*D14 -> 0
A15: =+A14+1 -> 3 | B15: Accounts 456.0 and 456.1 | C15: ="(page 4, line "&A212&")" -> (page 4, line 21) | D15: =+I212 -> 0 | F15: TP | G15: =$I$189 -> 1 | I15: =+G15*D15 -> 0
A16: =+A15+1 -> 4 | B16: Revenues from Grandfathered Interzonal Transactions | C16: (Note B) | D16: 0 | F16: TP | G16: =$I$189 -> 1 | I16: =+G16*D16 -> 0
A17: =+A16+1 -> 5 | B17: Revenues from service provided by the ISO at a discount | D17: 0 | F17: TP | G17: =$I$189 -> 1 | I17: =+G17*D17 -> 0
A18: =+A17+1 -> 6 | B18: TOTAL REVENUE CREDITS | C18: ="(Sum of Lines "&A14&" through "&A17&")" -> (Sum of Lines 2 through 5) | D18: =SUM(D14:D17) -> 0 | I18: =SUM(I14:I17) -> 0
A20: =+A18+1 -> 7 | B20: Prior Period Adjustments | C20: Attachment 11 | D20: =+'11-Corrections'!F30 -> 0 | F20: DA | G20: 1 | I20: =+G20*D20 -> 0
A21: =+A20+1 -> 8 | B21: True-up Adjustment with Interest | C21: ="Attachment 3, line "&'3-Project True-up'!A29&", Col. G+H" -> Attachment 3, line 9, Col. G+H | D21: =(+'3-Project True-up'!I29+'3-Project True-up'!J29) -> 177913.21 | F21: DA | G21: 1 | I21: =+G21*D21 -> 177913.21
A22: =+A21+1 -> 9 | B22: Facility Credits under Section 30.9 of the PJM OATT | C22: Attachment 13 | D22: =+'13 - 30.9 credits'!D8 -> 0 | F22: DA | G22: 1 | I22: =+G22*D22 -> 0
A24: =+A22+1 -> 10 | B24: NET ANNUAL TRANSMISSION REVENUE REQUIREMENT | C24: ="( Line "&A11&" less line "&A18&" plus lines "&A20&","&A21&", and "&A22&")" -> ( Line 1 less line 6 plus lines 7,8, and 9) | I24: =+I11-I18+I20+I21+I22 -> 1906523.8
J54: Page 2 of 5
B56: Formula Rate - Non-Levelized | D56: =+D3 -> Rate Formula Template - Attachment H-30A | J56: =J3 -> For the 12 months ended 12/31/27
D57: Utilizing FERC Form 1 Data
D58: =+D5 -> Transource Maryland, LLC
B60: (1) | C60: (2) | D60: (3) | G60: (4) | I60: (5)
I61: Transmission
A62: Line | C62: Source | D62: Company Total | F62: Allocator | I62: (Col 3 times Col 4)
A63: No. | B63: RATE BASE: (Note R)
B64: GROSS PLANT IN SERVICE | C64: Note C
A65: 1 | B65: Production | C65: 205.46.g for end of year, records for other months | D65: 0 | F65: NA | G65: 0 | I65: =+G65*D65 -> 0
A66: =+A65+1 -> 2 | B66: Transmission | C66: Attachment 4, Line 14, Col. (b) | D66: ='4- Rate Base'!C23 -> 73553.245 | F66: TP | G66: =$I$189 -> 1 | I66: =+G66*D66 -> 73553.245
A67: =+A66+1 -> 3 | B67: Distribution | C67: 207.75.g for end of year, records for other months | D67: 0 | F67: NA | G67: 0 | I67: =+G67*D67 -> 0
A68: =+A67+1 -> 4 | B68: General & Intangible | C68: Attachment 4, Line 14, Col. (c) | D68: ='4- Rate Base'!D23 -> 167791.32 | F68: W/S | G68: =$I$197 -> 1 | I68: =+G68*D68 -> 167791.32
A69: =+A68+1 -> 5 | B69: TOTAL GROSS PLANT | C69: (Sum of Lines 1 through 4) | D69: =SUM(D65:D68) -> 241344.56 | F69: GP= | G69: =IF(I69>0,I69/D69,1) -> 1 | I69: =SUM(I65:I68) -> 241344.56
A71: =+A69+1 -> 6 | B71: ACCUMULATED DEPRECIATION | C71: Note C
A72: =+A71+1 -> 7 | B72: Production | C72: 219.20-24.c for end of year, records for other months | D72: 0 | F72: NA | G72: 0 | I72: =+G72*D72 -> 0
A73: =+A72+1 -> 8 | B73: Transmission | C73: Attachment 4, Line 14, Col. (h) | D73: ='4- Rate Base'!I23 -> 21727.553 | F73: TP | G73: =$I$189 -> 1 | I73: =+G73*D73 -> 21727.553
A74: =+A73+1 -> 9 | B74: Distribution | C74: 219.26.c for end of year, records for other months | D74: 0 | F74: NA | G74: =+G67 -> 0 | I74: =+G74*D74 -> 0
A75: =+A74+1 -> 10 | B75: General & Intangible | C75: Attachment 4, Line 14, Col. (i) | D75: ='4- Rate Base'!J23 -> 133178.03 | F75: W/S | G75: =$I$197 -> 1 | I75: =+G75*D75 -> 133178.03
A76: =+A75+1 -> 11 | B76: TOTAL ACCUM. DEPRECIATION | C76: (Sum of Lines 7 through 10) | D76: =SUM(D72:D75) -> 154905.59 | I76: =SUM(I72:I75) -> 154905.59
A78: =+A76+1 -> 12 | B78: NET PLANT IN SERVICE
A79: =+A78+1 -> 13 | B79: Production | C79: ="(line "&A65&" - line "&A72&")" -> (line 1 - line 7) | D79: =D65-D72 -> 0 | I79: =I65-I72 -> 0
A80: =+A79+1 -> 14 | B80: Transmission | C80: ="(line "&A66&" - line "&A73&")" -> (line 2 - line 8) | D80: =D66-D73 -> 51825.692 | I80: =I66-I73 -> 51825.692
A81: =+A80+1 -> 15 | B81: Distribution | C81: ="(line "&A67&" - line "&A74&")" -> (line 3 - line 9) | D81: =D67-D74 -> 0 | I81: =I67-I74 -> 0
A82: =+A81+1 -> 16 | B82: General & Intangible | C82: ="(line "&A68&" - line "&A75&")" -> (line 4 - line 10) | D82: =D68-D75 -> 34613.284 | I82: =I68-I75 -> 34613.284
A83: =+A82+1 -> 17 | B83: TOTAL NET PLANT | C83: ="( Sum of line "&A69&" - line "&A76&")" -> ( Sum of line 5 - line 11) | D83: =SUM(D79:D82) -> 86438.976 | F83: NP= | G83: =IF(I83>0,I83/D83,1) -> 1 | I83: =SUM(I79:I82) -> 86438.976
A85: =+A83+1 -> 18 | B85: ADJUSTMENTS TO RATE BASE
A86: =+A85+1 -> 19 | B86: Account No. 281 (enter negative) | C86: Attachment 4 and 4a (Note D) | D86: =-'4- Rate Base'!E42 -> 0 | I86: =-'4a - ADIT Average Balances'!I40 -> 0
A87: =+A86+1 -> 20 | B87: Account No. 282 (enter negative) | C87: Attachment 4 and 4a (Note D) | D87: =-'4- Rate Base'!F42 -> -14652.84 | I87: =-'4a - ADIT Average Balances'!I77 -> -14652.84
A88: =+A87+1 -> 21 | B88: Account No. 283 (enter negative) | C88: Attachment 4 and 4a (Note D) | D88: =-'4- Rate Base'!G42 -> -6138.8774 | I88: =-'4a - ADIT Average Balances'!I119 -> -6138.8774
A89: =+A88+1 -> 22 | B89: Account No. 190 | C89: Attachment 4 and 4a (Note D) | D89: =+'4- Rate Base'!H42 -> -14696.328 | I89: ='4a - ADIT Average Balances'!I158 -> -14696.328
A90: =+A89+1 -> 23 | B90: Account No. 255 (enter negative) | C90: Attachment 4, Line 28, Col. (h) (Note D) | D90: =-'4- Rate Base'!I42 -> 0 | F90: NP | G90: =+$G$83 -> 1 | I90: =D90*G90 -> 0
A91: =+A90+1 -> 24 | B91: Unfunded Reserves (enter negative) | C91: Attachment 4, Line 43, Col. (h) | D91: =+'4- Rate Base'!K73 -> 0 | F91: DA | G91: =G92 -> 1 | I91: =+G91*D91 -> 0
A92: =+A91+1 -> 25 | B92: CWIP | C92: Attachment 4, Line 14, Col. (d) (Note W) | D92: ='4- Rate Base'!E23 -> 15851506 | F92: =+F93 -> DA | G92: 1 | I92: =+G92*D92 -> 15851506
A93: =+A92+1 -> 26 | B93: Unamortized Regulatory Asset | C93: Attachment 4, Line 28, Col. (b) (Note E) | D93: =+'4- Rate Base'!C42 -> 0 | F93: =+F94 -> DA | G93: 1 | I93: =+G93*D93 -> 0
A94: =+A93+1 -> 27 | B94: Unamortized Abandoned Plant | C94: Attachment 4, Line 28, Col. (c) (Note F) | D94: =+'4- Rate Base'!D42 -> 0 | F94: DA | G94: 1 | I94: =+G94*D94 -> 0
A95: =+A94+1 -> 28 | B95: TOTAL ADJUSTMENTS | C95: ="( Sum of line "&A86&" - line "&A94&")" -> ( Sum of line 19 - line 27) | D95: =SUM(D86:D94) -> 15816018 | I95: =SUM(I86:I94) -> 15816018
A97: =+A95+1 -> 29 | B97: LAND HELD FOR FUTURE USE | C97: Attachment 4, Line 14, Col. (e) (Note G) | D97: =+'4- Rate Base'!F23 -> 0 | F97: TP | G97: =$I$189 -> 1 | I97: =+G97*D97 -> 0
A99: =+A97+1 -> 30 | B99: WORKING CAPITAL | C99: Note H
A100: =+A99+1 -> 31 | B100: Cash Working Capital | C100: ="1/8*(Page 3, Line "&A134&" minus Page 3, Line "&A131&")" -> 1/8*(Page 3, Line 17 minus Page 3, Line 14) | D100: =(D134-D131)/8 -> 12976.089 | I100: =(I134-I131)/8 -> 12976.089
A101: =+A100+1 -> 32 | B101: Materials & Supplies | C101: Attachment 4, Line 14, Col. (f) | D101: =+'4- Rate Base'!G23 -> 0 | F101: TP | G101: =$I$189 -> 1 | I101: =+G101*D101 -> 0
A102: =+A101+1 -> 33 | B102: Prepayments (Account 165) | C102: Attachment 4, Line 14, Col. (g) | D102: =+'4- Rate Base'!H23 -> 27982.31 | F102: GP | G102: =+$G$69 -> 1 | I102: =+G102*D102 -> 27982.31
A103: =+A102+1 -> 34 | B103: TOTAL WORKING CAPITAL | C103: ="( Sum of line "&A100&" - line "&A102&")" -> ( Sum of line 31 - line 33) | D103: =SUM(D100:D102) -> 40958.399 | I103: =I100+I101+I102 -> 40958.399
A105: =+A103+1 -> 35 | B105: RATE BASE | C105: ="( Sum of line "&A83&", "&A95&", "&A97&", "&A103&")" -> ( Sum of line 17, 28, 29, 34) | D105: =+D103+D97+D95+D83 -> 15943415 | I105: =+I103+I97+I95+I83 -> 15943415
J108: Page 3 of 5
B110: Formula Rate - Non-Levelized | D110: =+D3 -> Rate Formula Template - Attachment H-30A | J110: =J3 -> For the 12 months ended 12/31/27
D111: Utilizing FERC Form 1 Data
D112: =+D58 -> Transource Maryland, LLC
B114: (1) | C114: (2) | D114: (3) | G114: (4) | I114: (5)
A115: Line | I115: Transmission
A116: No. | C116: Source | D116: Company Total | F116: Allocator | I116: (Col 3 times Col 4)
B117: O&M
A118: 1 | B118: Transmission | C118: 321.112.b | D118: 31907.716 | F118: TP | G118: =$I$189 -> 1 | I118: =+G118*D118 -> 31907.716
A119: =+A118+1 -> 2 | B119: Less Account 566 (Misc Trans Expense) | C119: 321.97.b | D119: 7897.1991 | F119: =+F118 -> TP | G119: =$I$189 -> 1 | I119: =+G119*D119 -> 7897.1991
A120: =+A119+1 -> 3 | B120: Less Account 565 | C120: 321.96.b | D120: 0 | F120: =+F119 -> TP | G120: =$I$189 -> 1 | I120: =+G120*D120 -> 0
A121: =+A120+1 -> 4 | B121: A&G | C121: 323.197.b | D121: 72792.368 | F121: W/S | G121: =$I$197 -> 1 | I121: =+G121*D121 -> 72792.368
A122: =+A121+1 -> 5 | B122: Less FERC Annual Fees | C122: 350.h (Note I) | D122: 0 | F122: W/S | G122: =$I$197 -> 1 | I122: =+G122*D122 -> 0
A123: =+A122+1 -> 6 | B123: Less EPRI Dues | C123: Note J | D123: 0 | F123: W/S | G123: =$I$197 -> 1 | I123: =+G123*D123 -> 0
A124: =+A123+1 -> 7 | B124: Less Reg. Commission Expense Account 928 | C124: Note J | D124: 0 | F124: W/S | G124: =$I$197 -> 1 | I124: =+G124*D124 -> 0
A125: =+A124+1 -> 8 | B125: Less: Non-safety Advertising account 930.1 | C125: Note J | D125: 0 | F125: W/S | G125: =$I$197 -> 1 | I125: =+G125*D125 -> 0
A126: =+A125+1 -> 9 | B126: Less Actual PBOP Expense in Year | C126: Attachment 7, Line 10, Col. (c) | D126: =+'7 - PBOP'!F18 -> 0 | F126: W/S | G126: =$I$197 -> 1 | I126: =+G126*D126 -> 0
A127: =+A126+1 -> 10 | B127: Plus Transmission Related Reg. Comm. Exp. | C127: Note K | D127: 0 | F127: TP | G127: =$I$189 -> 1 | I127: =+G127*D127 -> 0
A128: =+A127+1 -> 11 | B128: Plus PBOP Expense Allowed Amount | C128: Attachment 7, Line 8, Col. (c) | D128: =+'7 - PBOP'!F15 -> -891.37489 | F128: W/S | G128: =$I$197 -> 1 | I128: =+G128*D128 -> -891.37489
A129: =+A128+1 -> 12 | B129: Plus Transmission Lease Payments in Acct 565 | C129: Note V | D129: 0 | F129: =+F131 -> DA | G129: 1 | I129: =+G129*D129 -> 0
A130: =+A129+1 -> 13 | B130: Account 566
A131: =+A130+1 -> 14 | B131: Amortization of Regulatory Asset | C131: Note E | D131: 0 | F131: DA | G131: 1 | I131: =+G131*D131 -> 0
A132: =+A131+1 -> 15 | B132: Misc. Transmission Expense (less amort. of regulatory asset) | C132: 321.97b less line 14 | D132: 7897.1991 | F132: TP | G132: =$I$189 -> 1 | I132: =+G132*D132 -> 7897.1991
A133: =+A132+1 -> 16 | B133: Total Account 566 | C133: ="( Sum of line "&A131&" - line "&A132&")"" Ties to 321.97b" -> ( Sum of line 14 - line 15)" Ties to 321.97b | D133: =SUM(D131:D132) -> 7897.1991 | I133: =SUM(I131:I132) -> 7897.1991
A134: =+A133+1 -> 17 | B134: TOTAL O&M | C134: (Sum of Lines 1, 4, 10, 11, 12, 16 less Lines 2, 3, 5-9) | D134: =+D118-D119-D120+D121-D122-D123-D124-D125-D126+D127+D128+D129+D133 -> 103808.71 | I134: =+I118-I119-I120+I121-I122-I123-I124-I125-I126+I127+I128+I129+I133 -> 103808.71
A136: =+A134+1 -> 18 | B136: DEPRECIATION EXPENSE | C136: Note C
A137: =+A136+1 -> 19 | B137: Transmission | C137: 336.7.b&d | D137: 44667.928 | F137: TP | G137: =$I$189 -> 1 | I137: =+G137*D137 -> 44667.928
A138: =+A137+1 -> 20 | B138: General & Intangible | C138: 336.10.b&d, 336.1.b&d | D138: 0 | F138: W/S | G138: =$I$197 -> 1 | I138: =+G138*D138 -> 0
A139: =+A138+1 -> 21 | B139: Amortization of Abandoned Plant | C139: Note F | D139: 0 | F139: DA | G139: 1 | I139: =+G139*D139 -> 0
A140: =+A139+1 -> 22 | B140: TOTAL DEPRECIATION | C140: ="( Sum of line "&A137&" - line "&A139&")" -> ( Sum of line 19 - line 21) | D140: =SUM(D137:D139) -> 44667.928 | I140: =SUM(I137:I139) -> 44667.928
A142: =+A140+1 -> 23 | B142: TAXES OTHER THAN INCOME TAXES (Note M)
A143: =+A142+1 -> 24 | B143: LABOR RELATED
A144: =+A143+1 -> 25 | B144: Payroll | C144: 263.i | D144: 0 | F144: W/S | G144: =$I$197 -> 1 | I144: =+G144*D144 -> 0
A145: =+A144+1 -> 26 | B145: Highway and vehicle | C145: 263.i | D145: 0 | F145: W/S | G145: =$I$197 -> 1 | I145: =+G145*D145 -> 0
A146: =+A145+1 -> 27 | B146: PLANT RELATED
A147: =+A146+1 -> 28 | B147: Property | C147: 263.i | D147: 3000 | F147: GP | G147: =+$G$69 -> 1 | I147: =+G147*D147 -> 3000
A148: =+A147+1 -> 29 | B148: Gross Receipts | C148: 263.i | D148: 0 | F148: NA | G148: zero | I148: 0
A149: =+A148+1 -> 30 | B149: Other | C149: 263.i | D149: 0 | F149: GP | G149: =+$G$69 -> 1 | I149: =+G149*D149 -> 0
...

Sheet 1-Project Rev Req
K2: Page 1 of 3
F3: Attachment 1
F4: Project Revenue Requirement Worksheet
F5: =+'Attachment H-30A'!D5 -> Transource Maryland, LLC
C8: To be completed in conjunction with Attachment H-30A.
C10: (1) | F10: (2) | I10: (3) | K10: (4)
F11: Attachment H-30A
A12: Line | F12: Page, Line, Col. | I12: Transmission | K12: Allocator
A13: No.
A15: 1 | C15: Gross Transmission Plant plus CWIP | F15: ="Attach H-30A, p 2, line "&'Attachment H-30A'!A66&" col 5 plus line "&'Attachment H-30A'!A92&" col 5 (Note A)" -> Attach H-30A, p 2, line 2 col 5 plus line 25 col 5 (Note A) | I15: =+'Attachment H-30A'!I66+'Attachment H-30A'!I92 -> 15925059
A16: 2 | C16: Net Transmission Plant plus CWIP and Abandoned Plant | F16: ="Attach H-30A, p 2, line "&'Attachment H-30A'!A80&" col 5 plus line "&'Attachment H-30A'!A92&" & "&'Attachment H-30A'!A94&" col 5 (Note B)" -> Attach H-30A, p 2, line 14 col 5 plus line 25 & 27 col 5 (Note B) | I16: =+'Attachment H-30A'!I80+'Attachment H-30A'!I92+'Attachment H-30A'!I94 -> 15903331
C18: O&M EXPENSE
A19: 3 | C19: Total O&M Allocated to Transmission | F19: Attach H-30A, p 3, line 17 col. 5, less line 14 col. 5 | I19: =+'Attachment H-30A'!I134 -> 103808.71
A20: 4 | C20: Annual Allocation Factor for O&M | F20: (line 3 divided by line 1 col 3) | I20: =IF(I19=0,0,+I19/I15) -> 0.0065185762 | K20: =I20 -> 0.0065185762
C22: GENERAL AND INTANGIBLE (G & I) DEPRECIATION EXPENSE
A23: 5 | C23: Total G & I Depreciation Expense | F23: Attach H-30A, p 3, line 20, col 5 (Note C) | I23: =+'Attachment H-30A'!I138 -> 0
A24: 6 | C24: Annual Allocation Factor for G & I Depreciation Expense | F24: (line 5 divided by line 1 col 3) | I24: =IF(I23=0,0,I23/I15) -> 0 | K24: =I24 -> 0
C26: TAXES OTHER THAN INCOME TAXES
A27: 7 | C27: Total Other Taxes | F27: Attach H-30A, p 3, line 32 col 5 | I27: =+'Attachment H-30A'!I151 -> 3000
A28: 8 | C28: Annual Allocation Factor for Other Taxes | F28: (line 7 divided by line 1 col 3) | I28: =IF(I27=0,0,I27/I15) -> 0.00018838235 | K28: =I28 -> 0.00018838235
A30: 9 | C30: Less Revenue Credits | F30: Attach H-30A, p 1, line 6 col 5 | I30: =-'Attachment H-30A'!I18 -> 0
A31: 10 | C31: Annual Allocation Factor for Revenue Credits | F31: (line 9 divided by line 1 col 3) | I31: =IF(I30=0,0,I30/I15) -> 0 | K31: =+I31 -> 0
A33: 11 | C33: Annual Allocation Factor for Expense | F33: Sum of line 4, 6, 8, and 10 | K33: =K20+K24+K28+K31 -> 0.0067069585
C35: INCOME TAXES
A36: 12 | C36: Total Income Taxes | F36: Attach H-30A, p 3, line 46 col 5 | I36: =+'Attachment H-30A'!I166 -> 314746.21
A37: 13 | C37: Annual Allocation Factor for Income Taxes | F37: (line 12 divided by line 2 col 3) | I37: =IF(I16=0,0,I36/I16) -> 0.019791212 | K37: =I37 -> 0.019791212
C39: RETURN
A40: 14 | C40: Return on Rate Base | F40: Attach H-30A, p 3, line 48 col 5 | I40: =+'Attachment H-30A'!I169 -> 1262387.8
A41: 15 | C41: Annual Allocation Factor for Return on Rate Base | F41: (line 14 divided by line 2 col 3) | I41: =IF(I16=0,0,I40/I16) -> 0.079378825 | K41: =I41 -> 0.079378825
A43: 16 | C43: Annual Allocation Factor for Return | F43: Sum of line 13 and 15 | I43: =+I41+I37 -> 0.099170038 | K43: =K37+K41 -> 0.099170038
K47: Page 2 of 3 | U47: Page 3 of 3
F48: =+F3 -> Attachment 1 | P48: =+F48 -> Attachment 1
F49: =+F4 -> Project Revenue Requirement Worksheet | P49: =+F49 -> Project Revenue Requirement Worksheet
F50: =+F5 -> Transource Maryland, LLC | P50: =+F50 -> Transource Maryland, LLC
C52: This worksheet is used to compute project specific revenue requirements for any projects for which such calculation is required by PJM. This will generally include projects with specific incentives or competitive concessions, or projects with regional cost allocation in PJM. Projects will be listed as either Schedule 12, Zonal, or other category defined by PJM. Other projects which comprise the remaining revenue requirement on Attachment H-30A will not be entered on this schedule.
C53: Any hypothetical amounts or project names in a filed template will be removed and replaced with actual amounts in the first year actual values are available without the need for a section 205 filing to modify the template.
C55: -1 | E55: -2 | F55: -3 | G55: -4 | H55: -5 | I55: -6 | J55: -7 | K55: -8 | M55: -9 | N55: -10 | O55: -11 | P55: -12 | Q55: (12a) | R55: -13 | S55: (14) | T55: (15) | U55: (16)
A56: Line No. | C56: Project Name | D56: PJM Category | E56: RTEP Project Number Or Other Identifier | F56: Project Gross Plant | G56: Annual Allocation Factor for Expense | H56: Annual Expense Charge | I56: Project Net Plant | J56: Annual Allocation Factor for Return | K56: Annual Return Charge | L56: Line No. | M56: Project Depreciation/Amortization Expense | N56: Annual Revenue Requirement | O56: Incentive Return in Basis Points | P56: Incentive Return | Q56: Ceiling Rate | R56: Competitive Concession | S56: Total Annual Revenue Requirement | T56: True-Up Adjustment | U56: Net Revenue Requirement
F57: (Note D) | G57: (Page 1 line 11) | H57: (Col. 3 * Col. 4) | I57: (Note E) | J57: (Page 1 line 16) | K57: (Col. 6 * Col. 7) | M57: (Note F) | N57: (Sum Col. 5, 8 & 9) | O57: (Note G) | P57: (Attachment 2, Line 28 Incentive Return * Col. 6) | Q57: (Sum Col. 10 & 12) | R57: (Note H) | S57: (Sum Col. 10 & 12 Less Col. 13) | T57: (Note I) | U57: Sum Col. 14 & 15
A59: 1a | C59: PJM Market Efficiency Project 9A | D59: Schedule 12 | E59: b2743.5, b2752.5 | F59: =+I15 -> 15925059 | G59: =$K$33 -> 0.0067069585 | H59: =F59*G59 -> 106808.71 | I59: =+I16 -> 15903331 | J59: =$K$43 -> 0.099170038 | K59: =I59*J59 -> 1577134 | L59: =+A59 -> 1a | M59: =+'Attachment H-30A'!D137+'Attachment H-30A'!D139 -> 44667.928 | N59: =H59+K59+M59 -> 1728610.6 | O59: 0 | P59: =O59/100*'2-Incentive ROE'!$J$38*I59 -> 0 | Q59: =+N59+P59 -> 1728610.6 | R59: 0 | S59: =+N59+P59-R59 -> 1728610.6 | T59: ='3-Project True-up'!L19 -> 177913.21 | U59: =+S59+T59 -> 1906523.8
A60: 1b | F60: 0 | G60: =$K$33 -> 0.0067069585 | H60: =F60*G60 -> 0 | I60: 0 | J60: =$K$43 -> 0.099170038 | K60: =I60*J60 -> 0 | L60: =+A60 -> 1b | M60: 0 | N60: =H60+K60+M60 -> 0 | O60: 0 | P60: =O60/100*'2-Incentive ROE'!$J$38*I60 -> 0 | Q60: =+N60+P60 -> 0 | R60: 0 | S60: =+N60+P60-R60 -> 0 | T60: =+'3-Project True-up'!L20 -> 0 | U60: =+S60+T60 -> 0
A61: 2 | C61: Total Schedule 12 | F61: =+F59+F60 -> 15925059 | H61: =+H59+H60 -> 106808.71 | I61: =+I59+I60 -> 15903331 | K61: =+K59+K60 -> 1577134 | L61: =+A61 -> 2 | M61: =+M59+M60 -> 44667.928 | N61: =+N59+N60 -> 1728610.6 | P61: =+P59+P60 -> 0 | Q61: =+Q59+Q60 -> 1728610.6 | R61: =+R59+R60 -> 0 | S61: =+S59+S60 -> 1728610.6 | T61: =+T59+T60 -> 177913.21 | U61: =+U59+U60 -> 1906523.8
A63: 3a | D63: Zonal | F63: 0 | G63: =$K$33 -> 0.0067069585 | H63: =F63*G63 -> 0 | I63: 0 | J63: =$K$43 -> 0.099170038 | K63: =I63*J63 -> 0 | L63: =+A63 -> 3a | M63: 0 | N63: =H63+K63+M63 -> 0 | O63: 0 | P63: =O63/100*'2-Incentive ROE'!$J$38*I63 -> 0 | Q63: =+N63+P63 -> 0 | R63: 0 | S63: =+N63+P63-R63 -> 0 | T63: =+'3-Project True-up'!L23 -> 0 | U63: =+S63+T63 -> 0
A64: 3b | F64: 0 | G64: =$K$33 -> 0.0067069585 | H64: =F64*G64 -> 0 | I64: 0 | J64: =$K$43 -> 0.099170038 | K64: =I64*J64 -> 0 | L64: =+A64 -> 3b | M64: 0 | N64: =H64+K64+M64 -> 0 | O64: 0 | P64: =O64/100*'2-Incentive ROE'!$J$38*I64 -> 0 | Q64: =+N64+P64 -> 0 | R64: 0 | S64: =+N64+P64-R64 -> 0 | T64: =+'3-Project True-up'!L24 -> 0 | U64: =+S64+T64 -> 0
A65: 4 | C65: Total Zonal | F65: =+F63+F64 -> 0 | H65: =+H63+H64 -> 0 | I65: =+I63+I64 -> 0 | K65: =+K63+K64 -> 0 | L65: =+A65 -> 4 | M65: =+M63+M64 -> 0 | N65: =+N63+N64 -> 0 | P65: =+P63+P64 -> 0 | Q65: =+Q63+Q64 -> 0 | R65: =+R63+R64 -> 0 | S65: =+S63+S64 -> 0 | T65: =+T63+T64 -> 0 | U65: =+U63+U64 -> 0
A67: =+A65+1 -> 5 | C67: Other | L67: =+A67 -> 5
U68: =N68+T68 -> 0
A69: =+A67+1 -> 6 | C69: Annual Totals | F69: =+F61+F65+F67 -> 15925059 | H69: =+H61+H65+H67 -> 106808.71 | I69: =+I61+I65+I67 -> 15903331 | K69: =+K61+K65+K67 -> 1577134 | L69: =+A69 -> 6 | M69: =+M61+M65+M67 -> 44667.928 | N69: =+N61+N65+N67 -> 1728610.6 | P69: =+P61+P65+P67 -> 0 | Q69: =+Q61+Q65+Q67 -> 1728610.6 | R69: =+R61+R65+R67 -> 0 | S69: =+S61+S65+S67 -> 1728610.6 | T69: =+T61+T65+T67 -> 177913.21 | U69: =+U61+U65+U67 -> 1906523.8
A73: Notes | L73: =+A73 -> Notes
A74: A | C74: Gross Transmission Plant is that identified on page 2 line 2 of Attachment H-30A inclusive of any CWIP included in rate base when authorized by FERC order. | L74: =+A74 -> A | M74: =+C74 -> Gross Transmission Plant is that identified on page 2 line 2 of Attachment H-30A inclusive of any CWIP included in rate base when authorized by FERC order.
A75: B | C75: Net Plant is that identified on page 2 line 14 of Attachment H-30A inclusive of any CWIP or unamortized Abandoned Plant included in rate base when authorized by FERC order less any prefunded AFUDC, if applicable. | L75: =+A75 -> B | M75: =+C75 -> Net Plant is that identified on page 2 line 14 of Attachment H-30A inclusive of any CWIP or unamortized Abandoned Plant included in rate base when authorized by FERC order less any prefunded AFUDC, if applicable.
A76: C | C76: General and Intangible Depreciation and Amortization Expense includes all expense not directly associated with a project, which is entered on page 3 , column 9. | L76: =+A76 -> C | M76: =+C76 -> General and Intangible Depreciation and Amortization Expense includes all expense not directly associated with a project, which is entered on page 3 , column 9.
A77: D | C77: Project Gross Plant is the total capital investment including CWIP for the project calculated from Company books and records in the same method as the gross plant value in line 1. This value includes subsequent capital investments required to maintain the facilities to their original capabilities. | L77: =+A77 -> D | M77: =+C77 -> Project Gross Plant is the total capital investment including CWIP for the project calculated from Company books and records in the same method as the gross plant value in line 1. This value includes subsequent capital investments required to maintain the facilities to their original capabilities.
A78: E | C78: Project Net Plant is the Project Gross Plant Identified in Column 3 less the associated Accumulated Depreciation plus CWIP in rate base, if applicable and Unamortized Abandoned Plant, if applicable. | L78: =+A78 -> E | M78: =+C78 -> Project Net Plant is the Project Gross Plant Identified in Column 3 less the associated Accumulated Depreciation plus CWIP in rate base, if applicable and Unamortized Abandoned Plant, if applicable.
A79: F | C79: Project Depreciation Expense is the actual value booked for the project (excluding General and Intangible depreciation) at Attachment H-30A, page 3, line 19, plus amortization of Abandoned Plant at Attachment H-30A, page 3, line 21, if applicable. | L79: =+A79 -> F | M79: =+C79 -> Project Depreciation Expense is the actual value booked for the project (excluding General and Intangible depreciation) at Attachment H-30A, page 3, line 19, plus amortization of Abandoned Plant at Attachment H-30A, page 3, line 21, if applicable.
A80: G | C80: Requires approval by FERC of incentive return applicable to the specified project(s). | L80: =+A80 -> G | M80: =+C80 -> Requires approval by FERC of incentive return applicable to the specified project(s).
A81: H | C81: The Competitive Concession is a reduction in the revenue requirement, if any, that the Company agreed to, for instance, in the process of being selected to build facilities as the result of a competitive process and equals the amount by which the annual revenue requirement is reduced from the ceiling rate. The Competitive Concession column will also be used to reflect any reduction in the revenue requirement resulting from the following provisions of the Settlement filed in Docket No. ER17-419, after such Settlement becomes effective by its terms: (i) the requirement that the Company cap the equity component of the capital structure for the competitive elements of a project in Pennsylvania and Maryland known as PJM Market Efficiency Project 9A ("Project 9A") at 50% beginning on the earlier of (a) Project 9A's in-service date, (b) the date non-construction debt (i.e., permanent financing) is put in place, or (c) June 1, 2020; and (ii) the requirement that the Company forgo any ROE incentives (including the 50 basis point RTO participation adder) for any Project 9A costs that exceed $210 million on the date the project is placed into service. A workpaper will be prepared supporting the amount of any applicable concession or other revenue requirement reduction reflected in this column. | L81: =+A81 -> H | M81: =+C81 -> The Competitive Concession is a reduction in the revenue requirement, if any, that the Company agreed to, for instance, in the process of being selected to build facilities as the result of a competitive process and equals the amount by which the annual revenue requirement is reduced from the ceiling rate. The Competitive Concession column will also be used to reflect any reduction in the revenue requirement resulting from the following provisions of the Settlement filed in Docket No. ER17-419, after such Settlement becomes effective by its terms: (i) the requirement that the Company cap the equity component of the capital structure for the competitive elements of a project in Pennsylvania and Maryland known as PJM Market Efficiency Project 9A ("Project 9A") at 50% beginning on the earlier of (a) Project 9A's in-service date, (b) the date non-construction debt (i.e., permanent financing) is put in place, or (c) June 1, 2020; and (ii) the requirement that the Company forgo any ROE incentives (including the 50 basis point RTO participation adder) for any Project 9A costs that exceed $210 million on the date the project is placed into service. A workpaper will be prepared supporting the amount of any applicable concession or other revenue requirement reduction reflected in this column.
A82: I | C82: True-Up Adjustment is calculated on the Project True-up Schedule for the relevant true-up year. | L82: =+A82 -> I | M82: =+C82 -> True-Up Adjustment is calculated on the Project True-up Schedule for the relevant true-up year.

Sheet 2-Incentive ROE
B1: Attachment 2
B2: Incentive ROE
B3: =+'Attachment H-30A'!D5 -> Transource Maryland, LLC
A5: 1 | B5: Rate Base | C5: ="Attachment H-30A, page 2, line "&'Attachment H-30A'!A105&", Col.5" -> Attachment H-30A, page 2, line 35, Col.5 | J5: =+'Attachment H-30A'!I105 -> 15943415
A7: =+A5+1 -> 2 | B7: 100 Basis Point Incentive Return | I7: $
H8: Cost
D9: Source | E9: $ | F9: % | I9: Weighted
A10: =+A7+1 -> 3 | B10: Long Term Debt | C10: (Notes Q & R from Attachment H-30A) | E10: =+'Attachment H-30A'!D203 -> 9900000 | F10: =+'Attachment H-30A'!E203 -> 0.5 | H10: =+'Attachment H-30A'!G203 -> 0.054358515 | I10: =F10*H10 -> 0.027179258
A11: =+A10+1 -> 4 | B11: Preferred Stock | C11: (Notes Q & R from Attachment H-30A) | E11: =+'Attachment H-30A'!D204 -> 0 | F11: =+'Attachment H-30A'!E204 -> 0 | H11: =+'Attachment H-30A'!G204 -> 0 | I11: =F11*H11 -> 0
A12: =+A11+1 -> 5 | B12: Common Stock | C12: (Notes Q, R, & T from Attachment H-30A) | D12: Cost = Attachment H-30A, page 4, Line 17, Cost plus 100 bp | E12: =+'Attachment H-30A'!D205 -> 9959226.3 | F12: =+'Attachment H-30A'!E205 -> 0.5 | H12: =+'Attachment H-30A'!G205+0.01 -> 0.114 | I12: =F12*H12 -> 0.057
A13: =+A12+1 -> 6 | B13: Total (sum lines 3-5) | E13: =SUM(E10:E12) -> 19859226 | I13: =SUM(I10:I12) -> 0.084179258
A14: =+A13+1 -> 7 | B14: 100 Basis Point Incentive Return multiplied by Rate Base (line 1 * line 6) | J14: =+I13*J5 -> 1342104.8
A16: =+A14+1 -> 8 | B16: INCOME TAXES
A17: =+A16+1 -> 9 | B17: T=1 - {[(1 - SIT) * (1 - FIT)] / (1 - SIT * FIT * p)} = * (1-TEP) | E17: =IF('Attachment H-30A'!D237>0,1-(((1-'Attachment H-30A'!D238)*(1-'Attachment H-30A'!D237))/(1-'Attachment H-30A'!D237*'Attachment H-30A'!D238*'Attachment H-30A'!D239)),0) -> 0.275175
A18: =+A17+1 -> 10 | B18: CIT=(T/1-T) * (1-(WCLTD/R)) = | E18: =IF(I13>0,(E17/(1-E17))*(1-I10/I13),0) -> 0.25706655
A19: =+A18+1 -> 11 | B19: WCLTD = Line 3
A20: =+A19+1 -> 12 | B20: and FIT, SIT & p are as given in Attachment H-30A footnote N.
A21: =+A20+1 -> 13 | B21: =" 1 / (1 - T) = (from line "&A17&")" -> 1 / (1 - T) = (from line 9) | E21: =IF(E17>0,1/(1-E17),0) -> 1.3796434
A22: =+A21+1 -> 14 | B22: Amortized Investment Tax Credit (266.8f) (enter negative) | D22: Attachment H-30A, Page 3, Line 39 | E22: =+'Attachment H-30A'!D159 -> 0
A23: =+A22+1 -> 15 | B23: Excess Deferred Income Taxes (enter negative) | D23: Attachment H-30A, Page 3, Line 40 | E23: =+'Attachment H-30A'!D160 -> 0
A24: =+A23+1 -> 16 | B24: Tax Effect of Permanent Differences (Note B) | D24: Attachment H-30A, Page 3, Line 41 | E24: =+'Attachment H-30A'!D161 -> 0
A25: =+A24+1 -> 17 | B25: ="Income Tax Calculation = line "&A14&" * line "&A18&"" -> Income Tax Calculation = line 7 * line 10 | I25: =+E18*J14 -> 345010.27
A26: =+A25+1 -> 18 | B26: ="ITC adjustment (line "&A21&" * line "&A22&")" -> ITC adjustment (line 13 * line 14) | E26: =+E$21*E22 -> 0 | G26: NP | H26: =+'Attachment H-30A'!G83 -> 1 | I26: =+E26*H26 -> 0
A27: =+A26+1 -> 19 | B27: ="Excess Deferred Income Tax Adjustment (line "&A21&" * line "&A23&")" -> Excess Deferred Income Tax Adjustment (line 13 * line 15) | E27: =+E$21*E23 -> 0 | G27: NP | H27: =H26 -> 1 | I27: =+E27*H27 -> 0
A28: =+A27+1 -> 20 | B28: ="Permanent Differences Tax Adjustment (line "&A21&" * "&A24&")" -> Permanent Differences Tax Adjustment (line 13 * 16) | E28: =+E$21*E24 -> 0 | G28: NP | H28: =H27 -> 1 | I28: =+E28*H28 -> 0
A29: =+A28+1 -> 21 | B29: ="Total Income Taxes (sum lines "&A25&" - "&A28&")" -> Total Income Taxes (sum lines 17 - 20) | I29: =SUM(I25:I28) -> 345010.27 | J29: =+I29 -> 345010.27
A31: =+A29+1 -> 22 | B31: Return and Income Taxes with 100 basis point increase in ROE | D31: ="(line "&A14&" + line "&A29&")" -> (line 7 + line 21) | J31: =+J29+J14 -> 1687115.1
A33: =+A31+1 -> 23 | B33: Return (Attach. H-30A, page 3 line 48 col 5) | J33: =+'Attachment H-30A'!I169 -> 1262387.8
A34: =+A33+1 -> 24 | B34: Income Tax (Attach. H-30A, page 3 line 46 col 5) | J34: =+'Attachment H-30A'!I166 -> 314746.21
A35: =+A34+1 -> 25 | B35: Return and Income Taxes without 100 basis point increase in ROE | D35: ="(line "&A33&" + line "&A34&")" -> (line 23 + line 24) | J35: =SUM(J33:J34) -> 1577134
A36: =+A35+1 -> 26 | B36: Incremental Return and Income Taxes for 100 basis point increase in ROE | D36: ="(line "&A31&" - line "&A35&")" -> (line 22 - line 25) | J36: =+J31-J35 -> 109981.13
A37: =+A36+1 -> 27 | B37: Rate Base (line 1) | J37: =+J5 -> 15943415
A38: =+A37+1 -> 28 | B38: Incremental Return and Income Taxes for 100 basis point increase in ROE divided by Rate Base | J38: =IF(J37=0,0,J36/J37) -> 0.0068982168
A40: Notes:
A41: A | B41: Line 5 includes a 100 basis point increase in ROE that is used only to determine the increase in return and income taxes associated with
B42: a 100 basis point increase in ROE. Any ROE actual incentive must be approved by the Commission.
B43: For example, if the Commission were to grant a 150 basis point ROE incentive, the increase in return and taxes for a 100 basis point
B44: increase in ROE would be multiplied by 1.5 on Attachment 1 column 12.
A45: B | B45: The Tax Effect of Permanent Differences captures the differences in the income taxes due under the Federal and State calculations and the income taxes calculated
B46: in Attachment H-30A that are not the result of a timing difference.
A47: C | B47: Pursuant to the Commission-approved settlement in Docket No. ER17-419, the Company has agreed not to seek a risk-based incentive ROE for the competitive elements of a
B48: project in Pennsylvania and Maryland known as PJM Market Efficiency Project 9A. Therefore, Attachment 2 shall not be used for PJM Market Efficiency Project 9A.

Sheet 3-Project True-up
L1: Page 1 of 1
F2: Attachment 3
F3: Formula Rate True-Up
F4: =+'Attachment H-30A'!D5 -> Transource Maryland, LLC
B6: This Attachment 3 is used to calculate the annual formula rate true-up. Any projects for which the RTO requires a true-up on an individual project basis, as shown on Attachment 1, will be computed separately. The remainder of the revenue requirement will also be trued up. The utility will individually enter the projected true-up year revenue requirements in Column C. A percentage of total will be calculated in Column D. Actual revenue received during the true-up year is entered into Column E, line 2 and allocated using the Column D percentage. The utility will prepare this formula rate template with the actual inputs for the true-up year, with the resulting revenue requirement for each line being separately entered in Column F. In Col. G, Col. F is subtracted from Col. E to calculate the true-up adjustment. Interest on the true-up is computed in Column H. Any adjustments to prior period true-ups are entered in Col. I. Col. J computes the total true-up as the sum of Cols. G, H and I.
B7: Any hypothetical amounts or project names in a filed template will be removed and replaced with actual amounts in the first year actual values are available without the need for a section 205 filing to modify the template.
A9: Line: | E9: Projected True-Up Year Revenue | G9: True-Up Year Revenue Received1 | H9: Actual True-Up Year
A10: 1 | B10: True-Up Year | E10: Requirement Calculation | H10: Revenue Req. | I10: Annual True-Up Calculation
A11: 2 | B11: 2025 | G11: 1777490.5
B12: A | D12: B | E12: C | F12: D | G12: E | H12: F | I12: G | J12: H | K12: I | L12: J
F13: % of | G13: Allocation of | J13: True-Up
D14: Project # | F14: Total | G14: Revenue | H14: True-Up | I14: Net | J14: Interest | K14: Prior Period
D15: Or Other | E15: Net Revenue | F15: Revenue | G15: Received | H15: Net Revenue | I15: Under/(Over) | J15: Income | K15: Adjustment with | L15: Total True-Up
B16: Project Name | C16: PJM Category | D16: Identifier | E16: Requirement2 | F16: Requirement | G16: (E, Line 2 ) x (D) | H16: Requirement3 | I16: Collection (F)-(E) | J16: (Expense)4 | K16: Interest 5 | L16: (G) + (H) + (I)
A17: 3 | B17: Remaining Attachment H-30A | E17: 0 | F17: =IF(E$29=0,0,E17/E$29) -> 0 | G17: =IF(G$11=0,0,F17*G$11) -> 0 | H17: 0 | I17: =+H17-G17 -> 0 | J17: =+$J$31*F17 -> 0 | L17: =+I17+J17+K17 -> 0
A19: 4a | B19: PJM Market Efficiency Project 9A | C19: Schedule 12 | D19: b2743.5, b2752.5 | E19: 1972893.3 | F19: =IF(E$29=0,0,E19/E$29) -> 1 | G19: =IF(G$11=0,0,F19*G$11) -> 1777490.5 | H19: 1930676.7 | I19: =+H19-G19 -> 153186.15 | J19: =+$J$31*F19 -> 24727.069 | K19: =D38 -> 0 | L19: =+I19+J19+K19 -> 177913.21
A20: 4b | E20: 0 | F20: =IF(E$29=0,0,E20/E$29) -> 0 | G20: =IF(G$11=0,0,F20*G$11) -> 0 | I20: =+H20-G20 -> 0 | J20: =+$J$31*F20 -> 0 | K20: 0 | L20: =+I20+J20+K20 -> 0
A21: 5 | B21: Total Schedule 12 | E21: =+E19+E20 -> 1972893.3 | G21: =+G19+G20 -> 1777490.5 | H21: =+H19+H20 -> 1930676.7 | I21: =+I19+I20 -> 153186.15 | J21: =+J19+J20 -> 24727.069 | K21: =+K19+K20 -> 0 | L21: =+L19+L20 -> 177913.21
A23: 6a | C23: Zonal | E23: 0 | F23: =IF(E$29=0,0,E23/E$29) -> 0 | G23: =IF(G$11=0,0,F23*G$11) -> 0 | I23: =+H23-G23 -> 0 | J23: =+$J$31*F23 -> 0 | K23: 0 | L23: =+I23+J23+K23 -> 0
A24: 6b | E24: 0 | F24: =IF(E$29=0,0,E24/E$29) -> 0 | G24: =IF(G$11=0,0,F24*G$11) -> 0 | I24: =+H24-G24 -> 0 | J24: =+$J$31*F24 -> 0 | K24: 0 | L24: =+I24+J24+K24 -> 0
A25: 7 | B25: Total Zonal | E25: =+E23+E24 -> 0 | G25: =+G23+G24 -> 0 | H25: =+H23+H24 -> 0 | I25: =+I23+I24 -> 0 | J25: =+J23+J24 -> 0 | K25: =+K23+K24 -> 0 | L25: =+L23+L24 -> 0
A27: =+A25+1 -> 8 | B27: Other
A29: =+A27+1 -> 9 | B29: Total Annual Revenue Requirements | E29: =+E17+E21+E25+E27 -> 1972893.3 | F29: =SUM(F17:F28) -> 1 | G29: =+G17+G21+G25+G27 -> 1777490.5 | H29: =+H17+H21+H25+H27 -> 1930676.7 | I29: =+I17+I21+I25+I27 -> 153186.15 | J29: =+J17+J21+J25+J27 -> 24727.069 | K29: =+K17+K21+K25+K27 -> 0 | L29: =+L17+L21+L25+L27 -> 177913.21
A31: =+A29+1 -> 10 | H31: Total Interest on True-Up - Attachment 6 | J31: =+'6 - True-Up Interest'!I57 -> 24727.069
A34: Prior Period Adjustment
B35: A | D35: B
B36: =+A34 -> Prior Period Adjustment | D36: Adjustment
B37: (Note 5) | C37: Source | D37: Amount
A38: =+A31+1 -> 11 | B38: Description of Adjustment | C38: Attachment 11 | D38: =+'11-Corrections'!F30 -> 0
A41: Notes:
A42: 1) | B42: The revenue received is the total amount of revenue distributed to company in the year as shown on pages 328-330 of the Form No 1. The Revenue Received is input on line 2, Col. E.
A43: 2) | B43: From the Attachment 1, Page 3 of 3, line 1 or 3, col. 16 from the template in which the true-up year revenue requirement was initially projected.
A44: 3) | B44: From True-Up revenue requirement template Attachment 1, page 3 of 3, line 1 or 3, col. 14.
A45: 4) | B45: Interest due on the true up is calculated for the 24 month period from the start of the true-up year until the end of the year following the true-up year when the true up will be included in rates. Total True up Interest calculated on Attachment 6 and allocated to projects based on the percentage in Column D.
A46: 5) | B46: Corrections to true-ups for previous rate years including interest will be computed on Attachment 11 and entered on the appropriate line 3-8 above.

Sheet 4- Rate Base
B1: Attachment 4 | J1: Page 1 of 2
B2: Rate Base Worksheet
B3: =+'Attachment H-30A'!D5 -> Transource Maryland, LLC
C6: Gross Plant In Service | E6: CWIP | F6: LHFFU | G6: Working Capital | I6: Accumulated Depreciation
A7: Line No | B7: Month | C7: Transmission | D7: General & Intangible | E7: CWIP in Rate Base | F7: Held for Future Use | G7: Materials & Supplies | H7: Prepayments | I7: Transmission | J7: General & Intangible
B8: (a) | C8: (b) | D8: (c) | E8: (d) | F8: (e) | G8: (f) | H8: (g) | I8: (h) | J8: (i)
B9: (Note A) | C9: 207.58.g for end of year, records for other months | D9: 205.5.g & 207.99.g for end of year, records for other months | E9: Note B - page 2, column C | F9: 214.c for end of year, records for other months | G9: 227.8.c & 227.16.c for end of year, records for other months | H9: Note J - 111.57.c for end of year, records for other months | I9: 219.25.c for end of year, records for other months | J9: 219.28.c & 200.21.c for end of year, records for other months
A10: 1 | B10: December Prior Year | C10: 64667.938 | D10: 167235.24 | E10: 15003205 | F10: 0 | G10: 0 | H10: 27982.31 | I10: 15729.211 | J10: 117078.97
A11: 2 | B11: January | C11: 67481.34 | D11: 167786.91 | E11: 15017536 | F11: 0 | G11: 0 | H11: 27982.31 | I11: 16628.651 | J11: 119752.7
A12: 3 | B12: February | C12: 69465.702 | D12: 168030.39 | E12: 15287354 | F12: 0 | G12: 0 | H12: 27982.31 | I12: 17575.073 | J12: 122435.61
A13: 4 | B13: March | C13: 70636.389 | D13: 167997.9 | E13: 15575685 | F13: 0 | G13: 0 | H13: 27982.31 | I13: 18554.458 | J13: 125122.59
A14: 5 | B14: April | C14: 71630.392 | D14: 167970.62 | E14: 15597498 | F14: 0 | G14: 0 | H14: 27982.31 | I14: 19553.329 | J14: 127809.02
A15: 6 | B15: May | C15: 72638.777 | D15: 167939.3 | E15: 15710280 | F15: 0 | G15: 0 | H15: 27982.31 | I15: 20568.577 | J15: 130495
A16: 7 | B16: June | C16: 73657.073 | D16: 167905.02 | E16: 15853265 | F16: 0 | G16: 0 | H16: 27982.31 | I16: 21600.708 | J16: 133180.46
A17: 8 | B17: July | C17: 74427.673 | D17: 167873.39 | E17: 16230078 | F17: 0 | G17: 0 | H17: 27982.31 | I17: 22649.776 | J17: 135865.34
A18: 9 | B18: August | C18: 75612.361 | D18: 167826.09 | E18: 16246912 | F18: 0 | G18: 0 | H18: 27982.31 | I18: 23711.639 | J18: 138549.7
A19: 10 | B19: September | C19: 76817.9 | D19: 167774.89 | E19: 16322222 | F19: 0 | G19: 0 | H19: 27982.31 | I19: 24793.212 | J19: 141233.27
A20: 11 | B20: October | C20: 78464.483 | D20: 167706.68 | E20: 16338747 | F20: 0 | G20: 0 | H20: 27982.31 | I20: 25895.012 | J20: 143915.99
A21: 12 | B21: November | C21: 79718.821 | D21: 167649.81 | E21: 16405525 | F21: 0 | G21: 0 | H21: 27982.31 | I21: 27024.162 | J21: 146597.57
A22: 13 | B22: December | C22: 80973.332 | D22: 167590.87 | E22: 16481267 | F22: 0 | G22: 0 | H22: 27982.31 | I22: 28174.374 | J22: 149278.2
A23: 14 | B23: Average of the 13 Monthly Balances | C23: =SUM(C10:C22)/13 -> 73553.245 | D23: =SUM(D10:D22)/13 -> 167791.32 | E23: =SUM(E10:E22)/13 -> 15851506 | F23: =SUM(F10:F22)/13 -> 0 | G23: =SUM(G10:G22)/13 -> 0 | H23: =SUM(H10:H22)/13 -> 27982.31 | I23: =SUM(I10:I22)/13 -> 21727.553 | J23: =SUM(J10:J22)/13 -> 133178.03
C25: Adjustments to Rate Base
A26: Line No | B26: Month | C26: Unamortized Regulatory Asset | D26: Unamortized Abandoned Plant | E26: Account No. 281 Accumulated Deferred Income Taxes (Note E) | F26: Account No. 282 Accumulated Deferred Income Taxes (Note E) | G26: Account No. 283 Accumulated Deferred Income Taxes (Note E) | H26: Account No. 190 Accumulated Deferred Income Taxes (Note E) | I26: Account No. 255 Accumulated Deferred Investment Credit
B27: (a) | C27: (b) | D27: (c) | E27: (d) | F27: (e) | G27: (f) | H27: (g) | I27: (h)
B28: (Note A) | C28: Note C | D28: Note D | E28: Att. 4a & Att. 4b | F28: Att. 4a & Att. 4b | G28: Att. 4a & Att. 4b | H28: Att. 4a & Att. 4b | I28: Consistent with 266.8.b & 267.8.h
A29: 15 | B29: December Prior Year | C29: 0 | D29: 0 | E29: 0 | I29: 0
A30: 16 | B30: January | C30: 0 | D30: 0 | I30: 0
A31: 17 | B31: February | C31: 0 | D31: 0 | I31: 0
A32: 18 | B32: March | C32: 0 | D32: 0 | I32: 0
A33: 19 | B33: April | C33: 0 | D33: 0 | I33: 0
A34: 20 | B34: May | C34: 0 | D34: 0 | I34: 0
A35: 21 | B35: June | C35: 0 | D35: 0 | I35: 0
A36: 22 | B36: July | C36: 0 | D36: 0 | I36: 0
A37: 23 | B37: August | C37: 0 | D37: 0 | I37: 0
A38: 24 | B38: September | C38: 0 | D38: 0 | I38: 0
A39: 25 | B39: October | C39: 0 | D39: 0 | I39: 0
A40: 26 | B40: November | C40: 0 | D40: 0 | I40: 0
A41: 27 | B41: December | C41: 0 | D41: 0 | E41: 0 | I41: 0
A42: 28 | B42: Average of the 13 Monthly Balances | C42: =SUM(C29:C41)/13 -> 0 | D42: =SUM(D29:D41)/13 -> 0 | E42: =(E29+E41)/2 -> 0 | F42: ='4a - ADIT Average Balances'!C75 -> 14652.84 | G42: ='4a - ADIT Average Balances'!C117 -> 6138.8774 | H42: ='4a - ADIT Average Balances'!C156 -> -14696.328 | I42: =SUM(I29:I41)/13 -> 0
E45: =+B1 -> Attachment 4 | J45: Page 2 of 2
E46: =+B2 -> Rate Base Worksheet
E47: =+B3 -> Transource Maryland, LLC
B48: Reconciliation of CWIP in Rate Base to FERC Form 1 - Note B
C49: Total CWIP | D49: Less: CWIP Excluded from Rate Base | E49: Less: AFUDC Excluded from Rate Base | F49: CWIP Allowed in Rate Base
C51: (a) | D51: (b) | E51: (c) | F51: ( d )= (a) - (b) - ( c )
C52: 216.b for end of year, records for other months | D52: Company records | E52: Company records
A53: =+A42+1 -> 29 | B53: December Prior Year | C53: 15003205 | D53: 0 | E53: 0 | F53: =+C53-D53-E53 -> 15003205
A54: =+A53+1 -> 30 | B54: January | C54: 15017536 | D54: 0 | E54: 0 | F54: =+C54-D54-E54 -> 15017536
A55: =+A54+1 -> 31 | B55: February | C55: 15287354 | D55: 0 | E55: 0 | F55: =+C55-D55-E55 -> 15287354
A56: =+A55+1 -> 32 | B56: March | C56: 15575685 | D56: 0 | E56: 0 | F56: =+C56-D56-E56 -> 15575685
A57: =+A56+1 -> 33 | B57: April | C57: 15597498 | D57: 0 | E57: 0 | F57: =+C57-D57-E57 -> 15597498
A58: =+A57+1 -> 34 | B58: May | C58: 15710280 | D58: 0 | E58: 0 | F58: =+C58-D58-E58 -> 15710280
A59: =+A58+1 -> 35 | B59: June | C59: 15853265 | D59: 0 | E59: 0 | F59: =+C59-D59-E59 -> 15853265
A60: =+A59+1 -> 36 | B60: July | C60: 16230078 | D60: 0 | E60: 0 | F60: =+C60-D60-E60 -> 16230078
A61: =+A60+1 -> 37 | B61: August | C61: 16246912 | D61: 0 | E61: 0 | F61: =+C61-D61-E61 -> 16246912
A62: =+A61+1 -> 38 | B62: September | C62: 16322222 | D62: 0 | E62: 0 | F62: =+C62-D62-E62 -> 16322222
A63: =+A62+1 -> 39 | B63: October | C63: 16338747 | D63: 0 | E63: 0 | F63: =+C63-D63-E63 -> 16338747
A64: =+A63+1 -> 40 | B64: November | C64: 16405525 | D64: 0 | E64: 0 | F64: =+C64-D64-E64 -> 16405525
A65: =+A64+1 -> 41 | B65: December | C65: 16481267 | D65: 0 | E65: 0 | F65: =+C65-D65-E65 -> 16481267
C66: =+F66+D66 -> 15851506 | D66: =SUM(D53:D65)/13 -> 0 | E66: =SUM(E53:E65)/13 -> 0 | F66: =SUM(F53:F65)/13 -> 15851506
B68: Unfunded Reserves (Notes A and F through H)
B69: (a) | C69: (b) | D69: (b.i) | E69: (b.ii) | F69: (c) | G69: (d) | H69: (e) | I69: (f) | J69: (g) | K69: (h)
B70: List of all reserves: | D70: FERC balance sheet account where reserves are recorded | E70: FERC income statement account where reserves are recorded | F70: Amount | G70: Enter 1 if NOT in a trust or reserved account, enter zero (0) if included in a trust or reserved account | H70: Enter 1 if the accrual account is included in the formula rate, enter (0) if the accrual account is NOT included in the formula rate | I70: Enter the percentage paid for by customers less the percent associated with an offsetting liability on the balance sheet (Note H) | J70: Allocation (Plant or Labor Allocator) | K70: Amount Allocated, col. c x col. d x col. e x col. f x col. g
A71: =+A65+1&"a" -> 42a | C71: Reserve 1 | D71: 0 | E71: 0 | F71: 0 | G71: 0 | H71: 0 | I71: 0 | J71: 0 | K71: =+F71*G71*H71*I71*J71 -> 0
A72: =+A65+1&"b" -> 42b | C72: Reserve 2 | D72: 0 | E72: 0 | F72: 0 | G72: 0 | H72: 0 | I72: 0 | J72: 0 | K72: =+F72*G72*H72*I72*J72 -> 0
A73: =+A65+2 -> 43 | C73: Total | F73: =SUM(F71:F72) -> 0 | K73: =SUM(K71:K72) -> 0
A76: Notes:
A77: A | B77: Calculate using 13 month average balance, except ADIT which is calculated as described in Note E.
A78: B | B78: Recovery of CWIP in rate base must be approved by FERC. Lines 29-41 of page 2 provide a reconciliation of the Company's total CWIP to the CWIP allowed in rate base. The annual report filed pursuant to the Protocols will include for each project under construction (i) the CWIP balance eligible for inclusion in rate base; (ii) the CWIP balance ineligible for inclusion in rate base; and (iii) a demonstration that AFUDC is only applied to the CWIP balance that is not included in rate base. The annual report will also describe the reconciliation prepared on this Attachment.
A79: C | B79: Recovery of a Regulatory Asset is permitted only for pre-commercial and formation expenses, and is subject to FERC approval before the amortization of the Regulatory Asset can be included in rates. Recovery of any other regulatory assets requires authorization from the Commission.
A80: D | B80: Recovery of abandoned plant is limited to any abandoned plant recovery authorized by FERC.
A81: E | B81: ADIT is computed using the average of the beginning of the year and the end of the year balances. Attachments 4a and 4b are used to populate the average ADIT balances on line 28 above. ADIT calculations will be prorated to the extent required by Section 1.167(l)-1(h)(6)(ii) of the IRS regulations. Rate Projections and True-ups will use Attachment 4c to calculate the proration adjustment.
A82: F | B82: The Formula Rate shall include a credit to rate base for all unfunded reserves (funds collected from customers that (1) have not been set aside in a trust, escrow or restricted account; (2) whose balance are collected from customers through cost accruals to accounts that are recovered under the Formula Rate; and (3) exclude the portion of any balance offset by a balance sheet account (see Note H)). Each unfunded reserve will be included on lines 42 above. The allocator in Col. (g) will be the same allocator used in the formula for the cost accruals to the account that is recovered under the Formula Rate. Since reserves can be created by creating an offsetting balance sheet account, rather than through cost accruals, the amount to be deducted from rate base should exclude the portion offset by another balance sheet account.
A83: G | B83: Not all unfunded reserves are created only from contributions from customers. Many are created by creating an offsetting liability in whole or in part. Column (f) ensures only the portion of the unfunded reserve contributed by the customer (and not created by an offsetting liability) is a reduction to rate base.
A84: H | B84: The inputs in Column (f) are the percentage of the unfunded reserve that was created by an offsetting liability. The percentage shown in Column (f) is then equal to the percentage that customers have contributed to the unfunded reserve.
A85: I | B85: Balance of Account 255 will be reduced by prior flow throughs and excluded if the utility chooses to utilize amortization of tax credits against taxable income.
A86: J | B86: Overpayments of Income Taxes shall be excluded from Prepayments if the overpayments are not used to reduce future tax liability.

Sheet 4a - ADIT Average Balances
A1: Worksheet 4a - ADIT Average Balances
A2: Transource Maryland, LLC
A3: For the 12 months ended 12/31/27
J4: Page 1 of 2
B5: I. Account 281 - ADIT - Accelerated Amortization Property
B7: (A) | C7: (B) | D7: (C) | E7: (D) | F7: (E) | G7: (F) | H7: (G) | I7: (H) | J7: (I)
C8: Relevant Year | D8: 100% | E8: 1 | F8: 100% | I8: Total Included
A9: Line | C9: Avg. Balance | D9: Non-Transmission | E9: Related to Facilities | F9: Transmission | G9: Plant | H9: Labor | I9: in Ratebase
A10: No. | B10: Identification | C10: Worksheet 4b | D10: Related | E10: Excluded | F10: Related | G10: Related | H10: Related | I10: (E)+(F)+(G) | J10: Description / Justification
A11: 1
A12: =A11+1 -> 2 | B12: Net Total Property and Accumulated Depreciation | C12: 0 | D12: 0 | E12: 0 | F12: 0 | G12: 0 | H12: 0 | J12: Accumulated deferred income taxes-Accelerated amortization property.
A13: =A12+1 -> 3 | B13: Other | C13: 0 | D13: 0 | E13: 0 | F13: 0 | G13: 0 | H13: 0
A14: =A13+1 -> 4 | C14: 0 | D14: 0 | E14: 0 | F14: 0 | G14: 0 | H14: 0
A15: =A14+1 -> 5 | C15: 0 | D15: 0 | E15: 0 | F15: 0 | G15: 0 | H15: 0
A16: =A15+1 -> 6 | C16: 0 | D16: 0 | E16: 0 | F16: 0 | G16: 0 | H16: 0
A17: =A16+1 -> 7 | C17: 0 | D17: 0 | E17: 0 | F17: 0 | G17: 0 | H17: 0
A18: =A17+1 -> 8 | C18: 0 | D18: 0 | E18: 0 | F18: 0 | G18: 0 | H18: 0
A19: =A18+1 -> 9 | C19: 0 | D19: 0 | E19: 0 | F19: 0 | G19: 0 | H19: 0
A20: =A19+1 -> 10 | C20: 0 | D20: 0 | E20: 0 | F20: 0 | G20: 0 | H20: 0
A21: =A20+1 -> 11 | C21: 0 | D21: 0 | E21: 0 | F21: 0 | G21: 0 | H21: 0
A22: =A21+1 -> 12 | C22: 0 | D22: 0 | E22: 0 | F22: 0 | G22: 0 | H22: 0
A23: =A22+1 -> 13 | C23: 0 | D23: 0 | E23: 0 | F23: 0 | G23: 0 | H23: 0
A24: =A23+1 -> 14 | C24: 0 | D24: 0 | E24: 0 | F24: 0 | G24: 0 | H24: 0
A25: =A24+1 -> 15 | C25: 0 | D25: 0 | E25: 0 | F25: 0 | G25: 0 | H25: 0
... A32: =A31+1 -> 22 | C32: 0 | D32: 0 | E32: 0 | F32: 0 | G32: 0 | H32: 0
A33: =A32+1 -> 23
A34: =A33+1 -> 24 | B34: Subtotal - Form 1, Avg. (272.17.b & 273.17.k) | C34: =SUM(C12:C32) -> 0 | D34: =SUM(D12:D32) -> 0 | E34: =SUM(E12:E32) -> 0 | F34: =SUM(F12:F32) -> 0 | G34: =SUM(G12:G32) -> 0 | H34: =SUM(H12:H32) -> 0
A35: =A34+1 -> 25 | B35: Less FASB 109 Above if not separately removed | C35: =SUM(D35:H35) -> 0 | D35: 0 | E35: 0 | F35: 0 | G35: 0 | H35: 0
A36: =A35+1 -> 26 | B36: Less FASB 106 and Other Excludable Items Above if not separately removed | C36: =SUM(D36:H36) -> 0 | D36: 0 | E36: 0 | F36: 0 | G36: 0 | H36: 0
A37: =A36+1 -> 27 | B37: Less Proration Adjustment (from Worksheet 4c) | C37: ='4c - ADIT Proration'!J127 -> 0 | D37: 0 | E37: 0 | F37: 0 | G37: 0 | H37: 0
A38: =A37+1 -> 28 | B38: ="Total Company (ln "&A34&" - ln "&A35&" - ln "&A36&" + ln "&A37&")" -> Total Company (ln 24 - ln 25 - ln 26 + ln 27) | C38: =+C34-C35-C36+C37 -> 0 | D38: =+D34-D35-D36+D37 -> 0 | E38: =+E34-E35-E36+E37 -> 0 | F38: =+F34-F35-F36+F37 -> 0 | G38: =+G34-G35-G36+G37 -> 0 | H38: =+H34-H35-H36+H37 -> 0
A39: =A38+1 -> 29 | B39: Transmission Allocator [ GP or W/S ] | D39: 0 | E39: 0 | F39: 1 | G39: 1 | H39: 1
A40: =A39+1 -> 30 | B40: ="Total Transmission (ln "&A38&" * ln "&A39&")" -> Total Transmission (ln 28 * ln 29) | D40: =D38*D39 -> 0 | E40: =E38*E39 -> 0 | F40: =F38*F39 -> 0 | G40: =G38*G39 -> 0 | H40: =H38*H39 -> 0 | I40: =SUM(F40:H40) -> 0
B43: II. Account 282 - ADIT - Other Property
B45: =B7 -> (A) | C45: (B) | D45: =D7 -> (C) | E45: =E7 -> (D) | F45: =F7 -> (E) | G45: =G7 -> (F) | H45: =H7 -> (G) | I45: =I7 -> (H) | J45: =J7 -> (I)
C46: Relevant Year | D46: =D8 -> 100% | E46: 1 | F46: =F8 -> 100% | I46: =I8 -> Total Included
A47: Line | C47: Avg. Balance | D47: =D9 -> Non-Transmission | E47: Related to Facilities | F47: =F9 -> Transmission | G47: =G9 -> Plant | H47: =H9 -> Labor | I47: =I9 -> in Ratebase
A48: No. | B48: =B10 -> Identification | C48: Worksheet 4b | D48: =D10 -> Related | E48: Excluded | F48: =F10 -> Related | G48: =G10 -> Related | H48: =H10 -> Related | I48: =I10 -> (E)+(F)+(G) | J48: =J10 -> Description / Justification
A49: =A40+1 -> 31
A50: =A49+1 -> 32 | B50: ='4b - ADIT Beginning Ending'!B16 -> 6002 - PT AFUDC Debt - NORM | C50: ='4b - ADIT Beginning Ending'!H16 -> 15037.21 | D50: 0 | E50: 0 | F50: 0 | G50: =C50 -> 15037.21 | H50: 0 | I50: =H50+G50+F50 -> 15037.21 | J50: Related to timing difference on AFUDC Equity
A51: =A50+1 -> 33 | B51: ='4b - ADIT Beginning Ending'!B17 -> 6009 - PT COR - NORM | C51: ='4b - ADIT Beginning Ending'!H17 -> 5.544 | D51: 0 | E51: 0 | F51: 0 | G51: =C51 -> 5.544 | H51: 0 | I51: =H51+G51+F51 -> 5.544 | J51: Related to removal costs which are deductible for tax at the point the costs are incurred
A52: =A51+1 -> 34 | B52: ='4b - ADIT Beginning Ending'!B18 -> 6011 - PT CPI NORM | C52: ='4b - ADIT Beginning Ending'!H18 -> -400.9194 | D52: 0 | E52: 0 | F52: 0 | G52: =C52 -> -400.9194 | H52: 0 | I52: =H52+G52+F52 -> -400.9194 | J52: Related to Depreciation Timing Differences
A53: =A52+1 -> 35 | B53: ='4b - ADIT Beginning Ending'!B19 -> 6018 - PT Method/Life - NORM | C53: ='4b - ADIT Beginning Ending'!H19 -> -1210.7469 | D53: 0 | E53: 0 | F53: 0 | G53: =C53 -> -1210.7469 | H53: 0 | I53: =H53+G53+F53 -> -1210.7469 | J53: Related to Capitalized Software Timing Differences
A54: =A53+1 -> 36 | B54: ='4b - ADIT Beginning Ending'!B20 -> 6523 - 2020 712L 481(a) Software | C54: ='4b - ADIT Beginning Ending'!H20 -> 0 | D54: 0 | E54: 0 | F54: 0 | G54: =C54 -> 0 | H54: 0 | I54: =H54+G54+F54 -> 0 | J54: Related to Capitalized Software Timing Differences
A55: =A54+1 -> 37
A56: =A55+1 -> 38
A57: =A56+1 -> 39
A58: =A57+1 -> 40
A59: =A58+1 -> 41
A60: =A59+1 -> 42
A61: =A60+1 -> 43
A62: =A61+1 -> 44
A63: =A62+1 -> 45
A64: =A63+1 -> 46
A65: =A64+1 -> 47
A66: =A65+1 -> 48
... A70: =A69+1 -> 52
A71: =A70+1 -> 53 | B71: Subtotal - Form 1, Avg. (274.9.b & 275.9.k) | C71: =SUM(C49:C70) -> 13431.088 | D71: =SUM(D49:D70) -> 0 | E71: =SUM(E49:E70) -> 0 | F71: =SUM(F49:F70) -> 0 | G71: =SUM(G49:G70) -> 13431.088 | H71: =SUM(H49:H70) -> 0
A72: =A71+1 -> 54 | B72: =B35 -> Less FASB 109 Above if not separately removed | C72: =SUM(D72:H72) -> 0 | D72: 0 | E72: 0 | F72: 0 | G72: 0 | H72: 0
A73: =A72+1 -> 55 | B73: =B36 -> Less FASB 106 and Other Excludable Items Above if not separately removed | C73: =SUM(D73:H73) -> 0 | D73: 0 | E73: 0 | F73: 0 | G73: 0 | H73: 0
A74: =A73+1 -> 56 | B74: =B37 -> Less Proration Adjustment (from Worksheet 4c) | C74: ='4c - ADIT Proration'!J33 -> -1221.7528 | D74: 0 | E74: 0 | F74: 0 | G74: =C74 -> -1221.7528 | H74: 0
A75: =A74+1 -> 57 | B75: ="Total Company (ln "&A71&" - ln "&A72&" - ln "&A73&" + ln "&A74&")" -> Total Company (ln 53 - ln 54 - ln 55 + ln 56) | C75: =+C71-C72-C73-C74 -> 14652.84 | D75: =+D71-D72-D73-D74 -> 0 | E75: =+E71-E72-E73-E74 -> 0 | F75: =+F71-F72-F73-F74 -> 0 | G75: =+G71-G72-G73-G74 -> 14652.84 | H75: =+H71-H72-H73-H74 -> 0
A76: =A75+1 -> 58 | B76: =B39 -> Transmission Allocator [ GP or W/S ] | D76: 0 | E76: 0 | F76: 1 | G76: 1 | H76: 1
A77: =A76+1 -> 59 | B77: ="Total Transmission (ln "&A75&" * ln "&A76&")" -> Total Transmission (ln 57 * ln 58) | D77: =IF(D75<>0,D75*D76,0) -> 0 | E77: =IF(E75<>0,E75*E76,0) -> 0 | F77: =IF(F75<>0,F75*F76,0) -> 0 | G77: =IF(G75<>0,G75*G76,0) -> 14652.84 | H77: =IF(H75<>0,H75*H76,0) -> 0 | I77: =SUM(F77:H77) -> 14652.84
J81: Page 2 of 2
B82: III. Account 283 - ADIT - Other
B84: =B7 -> (A) | C84: =C7 -> (B) | D84: =D7 -> (C) | E84: =E7 -> (D) | F84: =F7 -> (E) | G84: =G7 -> (F) | H84: =H7 -> (G) | I84: =I7 -> (H) | J84: =J7 -> (I)
C85: Relevant Year | D85: =D8 -> 100% | E85: 1 | F85: =F8 -> 100% | I85: =I8 -> Total Included
A86: Line | C86: Avg. Balance | D86: =D9 -> Non-Transmission | E86: Related to Facilities | F86: =F9 -> Transmission | G86: =G9 -> Plant | H86: =H9 -> Labor | I86: =I9 -> in Ratebase
A87: No. | B87: =B10 -> Identification | C87: Worksheet 4b | D87: =D10 -> Related | E87: Excluded | F87: =F10 -> Related | G87: =G10 -> Related | H87: =H10 -> Related | I87: =I10 -> (E)+(F)+(G) | J87: =J10 -> Description / Justification
A88: =A77+1 -> 60 | B88: ='4b - ADIT Beginning Ending'!B30 -> 6002 - PT AFUDC Debt - NORM | C88: ='4b - ADIT Beginning Ending'!H30 -> 5907.48 | D88: =+C88 -> 5907.48 | E88: 0 | F88: 0 | G88: 0 | H88: 0 | I88: =H88+G88+F88 -> 0 | J88: Related to timing difference on AFUDC Equity
A89: =A88+1 -> 61 | B89: ='4b - ADIT Beginning Ending'!B31 -> 6009 - PT COR - NORM | C89: ='4b - ADIT Beginning Ending'!H31 -> -1.07 | D89: 0 | E89: 0 | F89: =+C89 -> -1.07 | G89: 0 | H89: 0 | I89: =H89+G89+F89 -> -1.07 | J89: Related to removal costs which are deductible for tax at the point the costs are incurred
A90: =A89+1 -> 62 | B90: ='4b - ADIT Beginning Ending'!B32 -> 6018 - PT Method/Life - NORM | C90: ='4b - ADIT Beginning Ending'!H32 -> 942.65 | D90: 0 | E90: 0 | F90: =+C90 -> 942.65 | G90: 0 | H90: 0 | I90: =H90+G90+F90 -> 942.65 | J90: Related to Depreciation Timing Differences
A91: =A90+1 -> 63 | B91: ='4b - ADIT Beginning Ending'!B33 -> 6523 - 2020 712L 481(a) Software | C91: ='4b - ADIT Beginning Ending'!H33 -> 0 | D91: 0 | E91: 0 | F91: =+C91 -> 0 | G91: 0 | H91: 0 | I91: =H91+G91+F91 -> 0 | J91: Related to Capitalized Software Timing Differences
A92: =A91+1 -> 64 | B92: ='4b - ADIT Beginning Ending'!B34 -> 7021 - PROVS POSS REV REFDS-A/L | C92: ='4b - ADIT Beginning Ending'!H34 -> -107.97 | D92: 0 | E92: 0 | F92: =+C92 -> -107.97 | G92: 0 | H92: 0 | I92: =H92+G92+F92 -> -107.97 | J92: Revenue Refund Timing Differences
A93: =A92+1 -> 65 | B93: ='4b - ADIT Beginning Ending'!B35 -> 7027 - INSURANCE PREMIUMS ACCRUED | C93: ='4b - ADIT Beginning Ending'!H35 -> 892 | D93: 0 | E93: 0 | F93: =+C93 -> 892 | G93: 0 | H93: 0 | I93: =H93+G93+F93 -> 892 | J93: Book Accrual Timing Differences
A94: =A93+1 -> 66 | B94: ='4b - ADIT Beginning Ending'!B36 -> 7048 - ACCRD COMPANYWIDE INCENTV PLAN | C94: ='4b - ADIT Beginning Ending'!H36 -> -115.15 | D94: 0 | E94: 0 | F94: =+C94 -> -115.15 | G94: 0 | H94: 0 | I94: =H94+G94+F94 -> -115.15 | J94: Book Accrual Timing Differences
A95: =A94+1 -> 67 | B95: ='4b - ADIT Beginning Ending'!B37 -> 7423 - REG ASSET-FERC Formula Rates Under Recvr | C95: ='4b - ADIT Beginning Ending'!H37 -> 61742.501 | D95: 0 | E95: 0 | F95: =+C95 -> 61742.501 | G95: 0 | H95: 0 | I95: =H95+G95+F95 -> 61742.501 | J95: Related to Reg Asset which is included in rate base
A96: =A95+1 -> 68 | B96: ='4b - ADIT Beginning Ending'!B38 -> 9014 - State Property Mod - MD | C96: ='4b - ADIT Beginning Ending'!H38 -> 0.02 | D96: 0 | E96: 0 | F96: =+C96 -> 0.02 | G96: 0 | H96: 0 | I96: =H96+G96+F96 -> 0.02 | J96: Related to additional depreciation timing differences
A97: =A96+1 -> 69 | B97: ='4b - ADIT Beginning Ending'!B39 -> 3519 - DSIT ENTRY - NORMALIZED | C97: ='4b - ADIT Beginning Ending'!H39 -> 4528.3974 | D97: 0 | E97: 0 | F97: =C97 -> 4528.3974 | G97: 0 | H97: 0 | I97: =H97+G97+F97 -> 4528.3974 | J97: Electric Operations DSIT
A98: =A97+1 -> 70
A99: =A98+1 -> 71
A100: =A99+1 -> 72
A101: =A100+1 -> 73
A102: =A101+1 -> 74
A103: =A102+1 -> 75
A104: =A103+1 -> 76
A105: =A104+1 -> 77
A106: =A105+1 -> 78
A107: =A106+1 -> 79
A108: =A107+1 -> 80
A109: =A108+1 -> 81
... A112: =A111+1 -> 84
A113: =A112+1 -> 85 | B113: Subtotal - Form 1, Avg. (276.19.b & 277.19.k) | C113: =SUM(C88:C112) -> 73788.858 | D113: =SUM(D88:D112) -> 5907.48 | E113: =SUM(E88:E112) -> 0 | F113: =SUM(F88:F112) -> 67881.378 | G113: =SUM(G88:G112) -> 0 | H113: =SUM(H88:H112) -> 0
A114: =A113+1 -> 86 | B114: =B72 -> Less FASB 109 Above if not separately removed | C114: =SUM(D114:H114) -> 61742.501 | D114: 0 | E114: 0 | F114: =+F95 -> 61742.501 | G114: 0 | H114: 0 | J114: Lines 67 & 69 above
A115: =A114+1 -> 87 | B115: =B73 -> Less FASB 106 and Other Excludable Items Above if not separately removed | C115: =SUM(D115:H115) -> 5907.48 | D115: =+D88 -> 5907.48 | E115: 0 | F115: 0 | G115: =G91 -> 0 | H115: 0 | J115: Line 60 above
A116: =A115+1 -> 88 | B116: =B74 -> Less Proration Adjustment (from Worksheet 4c) | C116: ='4c - ADIT Proration'!J64 -> 0 | D116: 0 | E116: 0 | F116: 0 | G116: 0 | H116: 0
A117: =A116+1 -> 89 | B117: ="Total Company (ln "&A113&" - ln "&A114&" - ln "&A115&" + ln "&A116&")" -> Total Company (ln 85 - ln 86 - ln 87 + ln 88) | C117: =+C113-C114-C115+C116 -> 6138.8774 | D117: =+D113-D114-D115+D116 -> 0 | E117: =+E113-E114-E115+E116 -> 0 | F117: =+F113-F114-F115+F116 -> 6138.8774 | G117: =+G113-G114-G115+G116 -> 0 | H117: =+H113-H114-H115+H116 -> 0
A118: =A117+1 -> 90 | B118: =B76 -> Transmission Allocator [ GP or W/S ] | D118: 0 | E118: 0 | F118: 1 | G118: 1 | H118: 1
A119: =A118+1 -> 91 | B119: ="Total Transmission (ln "&A117&" * ln "&A118&")" -> Total Transmission (ln 89 * ln 90) | D119: =IF(D117<>0,D117*D118,0) -> 0 | E119: =IF(E117<>0,E117*E118,0) -> 0 | F119: =IF(F117<>0,F117*F118,0) -> 6138.8774 | G119: =IF(G117<>0,G117*G118,0) -> 0 | H119: =IF(H117<>0,H117*H118,0) -> 0 | I119: =SUM(F119:H119) -> 6138.8774
...

Sheet 4b - ADIT Beginning Ending
A1: Worksheet 4b - Beginning & Ending Balances
A2: Transource Maryland, LLC
A3: For the 12 months ended 12/31/27
H4: Page 1 of 2
A6: Line | B6: Beginning Balance | E6: Ending Balance | H6: AVG Bal
A7: No. | B7: 2027 | D7: Dr. (Cr.) | E7: 2027 | H7: to Worksheet 4a
A8: 1 | B8: Acct 281 | C8: (a) | F8: (b)
A10: =A8+1 -> 2
A11: =A10+1 -> 3
A12: =A11+1 -> 4 | B12: Form 1 p. 272.17.b | C12: =SUM(C10:C11) -> 0 | E12: Form 1 p. 273.17.k | F12: =SUM(F10:F11) -> 0 | H12: =AVERAGE(C12,F12) -> 0
C13: 0 | F13: 0
A14: =A12+1 -> 5 | B14: Acct 282
A15: =A14+1 -> 6 | B15: 3630 - ETR Adjustment | C15: 0 | E15: 3630 - ETR Adjustment | F15: 0 | H15: =AVERAGE(C15,F15) -> 0
A16: =A15+1 -> 7 | B16: 6002 - PT AFUDC Debt - NORM | C16: 15037.21 | E16: 6002 - PT AFUDC Debt - NORM | F16: 15037.21 | H16: =AVERAGE(C16,F16) -> 15037.21
A17: =A16+1 -> 8 | B17: 6009 - PT COR - NORM | C17: 3.0723 | E17: 6009 - PT COR - NORM | F17: 8.0157 | H17: =AVERAGE(C17,F17) -> 5.544
A18: =A17+1 -> 9 | B18: 6011 - PT CPI NORM | C18: -392.847 | E18: 6011 - PT CPI NORM | F18: -408.9918 | H18: =AVERAGE(C18,F18) -> -400.9194
A19: =A18+1 -> 10 | B19: 6018 - PT Method/Life - NORM | C19: 107.95125 | E19: 6018 - PT Method/Life - NORM | F19: -2529.4451 | H19: =AVERAGE(C19,F19) -> -1210.7469
A20: =A19+1 -> 11 | B20: 6523 - 2020 712L 481(a) Software | C20: 0 | E20: 6523 - 2020 712L 481(a) Software | F20: 0 | H20: =AVERAGE(C20,F20) -> 0
A21: =A20+1 -> 12 | C21: 0 | F21: 0 | H21: =AVERAGE(C21,F21) -> 0
A22: =A21+1 -> 13 | C22: 0 | F22: 0 | H22: =AVERAGE(C22,F22) -> 0
A23: =A22+1 -> 14 | C23: 0 | F23: 0 | H23: =AVERAGE(C23,F23) -> 0
A24: =A23+1 -> 15 | C24: 0 | F24: 0 | H24: =AVERAGE(C24,F24) -> 0
A25: =A24+1 -> 16 | C25: 0 | F25: 0 | H25: =AVERAGE(C25,F25) -> 0
A26: =A25+1 -> 17 | B26: Form 1 p. 274.9.b | C26: =SUM(C15:C25) -> 14755.387 | E26: Form 1 p. 275.9.k | F26: =SUM(F15:F25) -> 12106.789 | H26: =AVERAGE(C26,F26) -> 13431.088
A28: =A26+1 -> 18 | B28: Acct 283
A30: =A28+1 -> 19 | B30: 6002 - PT AFUDC Debt - NORM | C30: 5907.48 | E30: 6002 - PT AFUDC Debt - NORM | F30: 5907.48 | H30: =AVERAGE(C30,F30) -> 5907.48
A31: =A30+1 -> 20 | B31: 6009 - PT COR - NORM | C31: -1.07 | E31: 6009 - PT COR - NORM | F31: -1.07 | H31: =AVERAGE(C31,F31) -> -1.07
A32: =A31+1 -> 21 | B32: 6018 - PT Method/Life - NORM | C32: 942.65 | E32: 6018 - PT Method/Life - NORM | F32: 942.65 | H32: =AVERAGE(C32,F32) -> 942.65
A33: =A32+1 -> 22 | B33: 6523 - 2020 712L 481(a) Software | C33: 0 | E33: 6523 - 2020 712L 481(a) Software | F33: 0 | H33: =AVERAGE(C33,F33) -> 0
A34: =A33+1 -> 23 | B34: 7021 - PROVS POSS REV REFDS-A/L | C34: -107.97 | E34: 7021 - PROVS POSS REV REFDS-A/L | F34: -107.97 | H34: =AVERAGE(C34,F34) -> -107.97
A35: =A34+1 -> 24 | B35: 7027 - INSURANCE PREMIUMS ACCRUED | C35: 892 | E35: 7027 - INSURANCE PREMIUMS ACCRUED | F35: 892 | H35: =AVERAGE(C35,F35) -> 892
A36: =A35+1 -> 25 | B36: 7048 - ACCRD COMPANYWIDE INCENTV PLAN | C36: -115.15 | E36: 7048 - ACCRD COMPANYWIDE INCENTV PLAN | F36: -115.15 | H36: =AVERAGE(C36,F36) -> -115.15
A37: =A36+1 -> 26 | B37: 7423 - REG ASSET-FERC Formula Rates Under Recvr | C37: 61742.501 | E37: 7423 - REG ASSET-FERC Formula Rates Under Recvr | F37: 61742.501 | H37: =AVERAGE(C37,F37) -> 61742.501
A38: =A37+1 -> 27 | B38: 9014 - State Property Mod - MD | C38: 0.02 | E38: 9014 - State Property Mod - MD | F38: 0.02 | H38: =AVERAGE(C38,F38) -> 0.02
A39: =A38+1 -> 28 | B39: 3519 - DSIT ENTRY - NORMALIZED | C39: 5048.6577 | E39: 3519 - DSIT ENTRY - NORMALIZED | F39: 4008.1371 | H39: =AVERAGE(C39,F39) -> 4528.3974
A40: =A39+1 -> 29 | C40: 0 | F40: 0 | H40: =AVERAGE(C40,F40) -> 0
A41: =A40+1 -> 30 | C41: 0 | F41: 0 | H41: =AVERAGE(C41,F41) -> 0
A42: =A41+1 -> 31 | C42: 0 | F42: 0 | H42: =AVERAGE(C42,F42) -> 0
A43: =A42+1 -> 32 | C43: 0 | F43: 0 | H43: =AVERAGE(C43,F43) -> 0
A44: =A43+1 -> 33 | C44: 0 | F44: 0 | H44: =AVERAGE(C44,F44) -> 0
A45: =A44+1 -> 34 | F45: 0
A46: =A45+1 -> 35
A47: =A46+1 -> 36
A48: =A47+1 -> 37
A49: =A48+1 -> 38
A50: =A49+1 -> 39 | B50: Form 1 p. 276.19.b | C50: =SUM(C30:C49) -> 74309.119 | E50: Form 1 p. 277.19.k | F50: =SUM(F30:F49) -> 73268.598 | H50: =AVERAGE(C50,F50) -> 73788.858
A52: =A50+1 -> 40 | B52: Acct 190
A54: =A52+1 -> 41 | B54: 6002 - PT AFUDC Debt - NORM | C54: 1240.57 | E54: 6002 - PT AFUDC Debt - NORM | F54: 1240.57 | H54: =AVERAGE(C54,F54) -> 1240.57
A55: =A54+1 -> 42 | B55: 6009 - PT COR - NORM | C55: -0.23 | E55: 6009 - PT COR - NORM | F55: -0.23 | H55: =AVERAGE(C55,F55) -> -0.23
A56: =A55+1 -> 43 | B56: 6018 - PT Method/Life - NORM | C56: 197.96 | E56: 6018 - PT Method/Life - NORM | F56: 197.96 | H56: =AVERAGE(C56,F56) -> 197.96
A57: =A56+1 -> 44 | B57: 6523 - 2020 712L 481(a) Software | C57: 0 | E57: 6523 - 2020 712L 481(a) Software | F57: 0 | H57: =AVERAGE(C57,F57) -> 0
A58: =A57+1 -> 45 | B58: 7021 - PROVS POSS REV REFDS-A/L | C58: 252.17 | E58: 7021 - PROVS POSS REV REFDS-A/L | F58: 252.17 | H58: =AVERAGE(C58,F58) -> 252.17
A59: =A58+1 -> 46 | B59: 7027 - INSURANCE PREMIUMS ACCRUED | C59: -16366.111 | E59: 7027 - INSURANCE PREMIUMS ACCRUED | F59: -16366.111 | H59: =AVERAGE(C59,F59) -> -16366.111
A60: =A59+1 -> 47 | B60: 7048 - ACCRD COMPANYWIDE INCENTV PLAN | C60: 268.92 | E60: 7048 - ACCRD COMPANYWIDE INCENTV PLAN | F60: 268.92 | H60: =AVERAGE(C60,F60) -> 268.92
A61: =A60+1 -> 48 | B61: 7423 - REG ASSET-FERC Formula Rates Under Recvr | C61: 3583.21 | E61: 7423 - REG ASSET-FERC Formula Rates Under Recvr | F61: 3583.21 | H61: =AVERAGE(C61,F61) -> 3583.21
A62: =A61+1 -> 49 | B62: 3519 - DSIT ENTRY - NORMALIZED | C62: 1060.2181 | E62: 3519 - DSIT ENTRY - NORMALIZED | F62: 841.7088 | H62: =AVERAGE(C62,F62) -> 950.96346
A63: =A62+1 -> 50 | C63: 0 | F63: 0 | H63: =AVERAGE(C63,F63) -> 0
A64: =A63+1 -> 51 | C64: 0 | F64: 0 | H64: =AVERAGE(C64,F64) -> 0
A65: =A64+1 -> 52 | C65: 0 | F65: 0 | H65: =AVERAGE(C65,F65) -> 0
A66: =A65+1 -> 53 | C66: 0 | F66: 0 | H66: =AVERAGE(C66,F66) -> 0
A67: =A66+1 -> 54 | C67: 0 | F67: 0 | H67: =AVERAGE(C67,F67) -> 0
A68: =A67+1 -> 55 | C68: 0 | F68: 0 | H68: =AVERAGE(C68,F68) -> 0
A69: =A68+1 -> 56 | C69: 0 | H69: =AVERAGE(C69,F69) -> 0
A70: =A69+1 -> 57
A71: =A70+1 -> 58 | B71: Form 1 p. 234.18.b | C71: =SUM(C54:C70) -> -9763.2931 | E71: Form 1 p. 234.18.c | F71: =SUM(F54:F70) -> -9981.8024 | H71: =AVERAGE(C71,F71) -> -9872.5477
H73: Page 2 of 2
A75: Line | H75: AVG Bal
A76: No. | B76: =B7 -> 2027 | D76: Dr. (Cr.) | E76: =E7 -> 2027 | H76: to Worksheet 4a
A77: =A71+1 -> 59 | B77: Acct 254
A79: =A77+1 -> 60 | C79: 0 | F79: 0 | H79: =AVERAGE(C79,F79) -> 0
A80: =A79+1 -> 61 | C80: 0 | F80: 0 | H80: =AVERAGE(C80,F80) -> 0
A81: =A80+1 -> 62 | C81: 0 | F81: 0 | H81: =AVERAGE(C81,F81) -> 0
A82: =A81+1 -> 63 | C82: 0 | F82: 0 | H82: =AVERAGE(C82,F82) -> 0
A83: =A82+1 -> 64 | C83: 0 | F83: 0 | H83: =AVERAGE(C83,F83) -> 0
A84: =A83+1 -> 65
A85: =A84+1 -> 66
A86: =A85+1 -> 67
A87: =A86+1 -> 68
A88: =A87+1 -> 69
A89: =A88+1 -> 70
A90: =A89+1 -> 71
A91: =A90+1 -> 72
A92: =A91+1 -> 73
A93: =A92+1 -> 74
A94: =A93+1 -> 75
A95: =A94+1 -> 76
A96: =A95+1 -> 77
A97: =A96+1 -> 78 | B97: Total Acct 254 Grossed Up - Form 1, p. 278.b | C97: =SUM(C79:C96) -> 0 | E97: Total Acct 254 Grossed Up - Form 1, p. 278.f | F97: =SUM(F79:F96) -> 0 | H97: =AVERAGE(C97,F97) -> 0
A99: =A97+1 -> 79 | B99: Acct 182.3
A101: =A99+1 -> 80
A102: =A101+1 -> 81
A103: =A102+1 -> 82
A104: =A103+1 -> 83
A105: =A104+1 -> 84
A106: =A105+1 -> 85
A107: =A106+1 -> 86
A108: =A107+1 -> 87
A109: =A108+1 -> 88
A110: =A109+1 -> 89
A111: =A110+1 -> 90
...

Sheet 4c - ADIT Proration
A1: Worksheet 4c - ADIT Proration Adjustment
A2: Transource Maryland, LLC
A3: For the 12 months ended 12/31/27
J4: Page 1 of 2
B5: Account 282
A7: Line
A8: No.
A9: 1 | B9: Days in Period | H9: Averaging with Proration
A10: =A9+1 -> 2 | B10: A | C10: B | D10: C | E10: D | F10: E | H10: F | I10: G | J10: H
A11: =A10+1 -> 3 | B11: Month | C11: Days in the Month | D11: Number of Days Remaining in Year After Month's Accrual of Deferred Taxes | E11: Total Days in Future Portion of Test Period | F11: Proration Amount (C / D) | H11: Projected Monthly Activity | I11: Prorated Projected Monthly Activity (E x F) | J11: Prorated Projected Balance (Cumulative Sum of G)
A12: =A11+1 -> 4
A13: =A12+1 -> 5 | B13: Average Balance of Prorated Items | J13: ='4b - ADIT Beginning Ending'!H19 -> -1210.7469
A14: =A13+1 -> 6 | B14: January | C14: 31 | D14: =E14-C14+1 -> 335 | E14: =$C$26 -> 365 | F14: =D14/E14 -> 0.91780822 | H14: =('4b - ADIT Beginning Ending'!F19-'4b - ADIT Beginning Ending'!C19)/12 -> -219.78303 | I14: =H14*F14 -> -201.71867 | J14: =$J13+$I14 -> -1412.4656
A15: =A14+1 -> 7 | B15: February | C15: 28 | D15: =D14-C15 -> 307 | E15: =$C$26 -> 365 | F15: =D15/E15 -> 0.84109589 | H15: =$H$14 -> -219.78303 | I15: =H15*F15 -> -184.8586 | J15: =$J14+$I15 -> -1597.3242
A16: =A15+1 -> 8 | B16: March | C16: 31 | D16: =D15-C16 -> 276 | E16: =$C$26 -> 365 | F16: =D16/E16 -> 0.75616438 | H16: =$H$14 -> -219.78303 | I16: =H16*F16 -> -166.1921 | J16: =$J15+$I16 -> -1763.5163
A17: =A16+1 -> 9 | B17: April | C17: 30 | D17: =D16-C17 -> 246 | E17: =$C$26 -> 365 | F17: =D17/E17 -> 0.6739726 | H17: =$H$14 -> -219.78303 | I17: =H17*F17 -> -148.12774 | J17: =$J16+$I17 -> -1911.6441
A18: =A17+1 -> 10 | B18: May | C18: 31 | D18: =D17-C18 -> 215 | E18: =$C$26 -> 365 | F18: =D18/E18 -> 0.5890411 | H18: =$H$14 -> -219.78303 | I18: =H18*F18 -> -129.46124 | J18: =$J17+$I18 -> -2041.1053
A19: =A18+1 -> 11 | B19: June | C19: 30 | D19: =D18-C19 -> 185 | E19: =$C$26 -> 365 | F19: =D19/E19 -> 0.50684932 | H19: =$H$14 -> -219.78303 | I19: =H19*F19 -> -111.39688 | J19: =$J18+$I19 -> -2152.5022
A20: =A19+1 -> 12 | B20: July | C20: 31 | D20: =D19-C20 -> 154 | E20: =$C$26 -> 365 | F20: =D20/E20 -> 0.42191781 | H20: =$H$14 -> -219.78303 | I20: =H20*F20 -> -92.730374 | J20: =$J19+$I20 -> -2245.2325
A21: =A20+1 -> 13 | B21: August | C21: 31 | D21: =D20-C21 -> 123 | E21: =$C$26 -> 365 | F21: =D21/E21 -> 0.3369863 | H21: =$H$14 -> -219.78303 | I21: =H21*F21 -> -74.06387 | J21: =$J20+$I21 -> -2319.2964
A22: =A21+1 -> 14 | B22: September | C22: 30 | D22: =D21-C22 -> 93 | E22: =$C$26 -> 365 | F22: =D22/E22 -> 0.25479452 | H22: =$H$14 -> -219.78303 | I22: =H22*F22 -> -55.999512 | J22: =$J21+$I22 -> -2375.2959
A23: =A22+1 -> 15 | B23: October | C23: 31 | D23: =D22-C23 -> 62 | E23: =$C$26 -> 365 | F23: =D23/E23 -> 0.16986301 | H23: =$H$14 -> -219.78303 | I23: =H23*F23 -> -37.333008 | J23: =$J22+$I23 -> -2412.6289
A24: =A23+1 -> 16 | B24: November | C24: 30 | D24: =D23-C24 -> 32 | E24: =$C$26 -> 365 | F24: =D24/E24 -> 0.087671233 | H24: =$H$14 -> -219.78303 | I24: =H24*F24 -> -19.268649 | J24: =$J23+$I24 -> -2431.8976
A25: =A24+1 -> 17 | B25: December | C25: 31 | D25: =D24-C25 -> 1 | E25: =$C$26 -> 365 | F25: =D25/E25 -> 0.002739726 | H25: =$H$14 -> -219.78303 | I25: =H25*F25 -> -0.60214529 | J25: =$J24+$I25 -> -2432.4997
A26: =A25+1 -> 18 | B26: Total | C26: =SUM(C14:C25) -> 365 | D26: =SUM(D14:D25) -> 2029 | E26: =SUM(E14:E25) -> 4380 | H26: =SUM(H14:H25) -> -2637.3964 | I26: =SUM(I14:I25) -> -1221.7528
A31: =A26+1 -> 19 | B31: Ending Balance of Prorated items | F31: ="(Line "&A25&", & Col H)" -> (Line 17, & Col H) | J31: =J25 -> -2432.4997
A32: =A31+1 -> 20 | B32: Non-prorated Average Balance | J32: =J13 -> -1210.7469
A33: =A32+1 -> 21 | B33: Proration Adjustment | F33: ="(Line "&A31&" minus Line "&A32&")" -> (Line 19 minus Line 20) | J33: =J31-J32 -> -1221.7528
B36: Account 283
A38: Line
A39: No.
A40: =A33+1 -> 22 | B40: Days in Period | H40: Averaging with Proration
A41: =A40+1 -> 23 | B41: A | C41: B | D41: C | E41: D | F41: E | H41: F | I41: G | J41: H
A42: =A41+1 -> 24 | B42: Month | C42: Days in the Month | D42: Number of Days Remaining in Year After Month's Accrual of Deferred Taxes | E42: Total Days in Future Portion of Test Period | F42: Proration Amount (C / D) | H42: Projected Monthly Activity | I42: Prorated Projected Monthly Activity (E x F) | J42: Prorated Projected Balance (Cumulative Sum of G)
A43: =A42+1 -> 25
A44: =A43+1 -> 26 | B44: December 31st balance Prorated Items
A45: =A44+1 -> 27 | B45: January | C45: 31 | D45: =E45-C45+1 -> 335 | E45: =$C$26 -> 365 | F45: =D45/E45 -> 0.91780822 | I45: =H45*F45 -> 0 | J45: =$J44+$I45 -> 0
A46: =A45+1 -> 28 | B46: February | C46: 28 | D46: =D45-C46 -> 307 | E46: =$C$26 -> 365 | F46: =D46/E46 -> 0.84109589 | I46: =H46*F46 -> 0 | J46: =$J45+$I46 -> 0
A47: =A46+1 -> 29 | B47: March | C47: 31 | D47: =D46-C47 -> 276 | E47: =$C$26 -> 365 | F47: =D47/E47 -> 0.75616438 | I47: =H47*F47 -> 0 | J47: =$J46+$I47 -> 0
A48: =A47+1 -> 30 | B48: April | C48: 30 | D48: =D47-C48 -> 246 | E48: =$C$26 -> 365 | F48: =D48/E48 -> 0.6739726 | I48: =H48*F48 -> 0 | J48: =$J47+$I48 -> 0
A49: =A48+1 -> 31 | B49: May | C49: 31 | D49: =D48-C49 -> 215 | E49: =$C$26 -> 365 | F49: =D49/E49 -> 0.5890411 | I49: =H49*F49 -> 0 | J49: =$J48+$I49 -> 0
A50: =A49+1 -> 32 | B50: June | C50: 30 | D50: =D49-C50 -> 185 | E50: =$C$26 -> 365 | F50: =D50/E50 -> 0.50684932 | I50: =H50*F50 -> 0 | J50: =$J49+$I50 -> 0
A51: =A50+1 -> 33 | B51: July | C51: 31 | D51: =D50-C51 -> 154 | E51: =$C$26 -> 365 | F51: =D51/E51 -> 0.42191781 | I51: =H51*F51 -> 0 | J51: =$J50+$I51 -> 0
A52: =A51+1 -> 34 | B52: August | C52: 31 | D52: =D51-C52 -> 123 | E52: =$C$26 -> 365 | F52: =D52/E52 -> 0.3369863 | I52: =H52*F52 -> 0 | J52: =$J51+$I52 -> 0
A53: =A52+1 -> 35 | B53: September | C53: 30 | D53: =D52-C53 -> 93 | E53: =$C$26 -> 365 | F53: =D53/E53 -> 0.25479452 | I53: =H53*F53 -> 0 | J53: =$J52+$I53 -> 0
A54: =A53+1 -> 36 | B54: October | C54: 31 | D54: =D53-C54 -> 62 | E54: =$C$26 -> 365 | F54: =D54/E54 -> 0.16986301 | I54: =H54*F54 -> 0 | J54: =$J53+$I54 -> 0
A55: =A54+1 -> 37 | B55: November | C55: 30 | D55: =D54-C55 -> 32 | E55: =$C$26 -> 365 | F55: =D55/E55 -> 0.087671233 | I55: =H55*F55 -> 0 | J55: =$J54+$I55 -> 0
A56: =A55+1 -> 38 | B56: December | C56: 31 | D56: =D55-C56 -> 1 | E56: =$C$26 -> 365 | F56: =D56/E56 -> 0.002739726 | I56: =H56*F56 -> 0 | J56: =$J55+$I56 -> 0
A57: =A56+1 -> 39 | B57: Total | C57: =SUM(C45:C56) -> 365 | D57: =SUM(D45:D56) -> 2029 | E57: =SUM(E45:E56) -> 4380 | H57: =SUM(H45:H56) -> 0 | I57: =SUM(I45:I56) -> 0
A62: =A57+1 -> 40 | B62: Ending Balance of Prorated items | F62: ="(Line "&A56&", & Col H)" -> (Line 38, & Col H) | J62: =J56 -> 0
A63: =A62+1 -> 41 | B63: Non-prorated Average Balance
A64: =A63+1 -> 42 | B64: Proration Adjustment | F64: ="(Line "&A62&" minus Line "&A63&")" -> (Line 40 minus Line 41) | J64: =J62-J63 -> 0
J67: Page 2 of 2
B68: Account 190
A70: Line
A71: No.
A72: =A64+1 -> 43 | B72: Days in Period | H72: Averaging with Proration
A73: =A72+1 -> 44 | B73: A | C73: B | D73: C | E73: D | F73: E | H73: F | I73: G | J73: H
A74: =A73+1 -> 45 | B74: Month | C74: Days in the Month | D74: Number of Days Remaining in Year After Month's Accrual of Deferred Taxes | E74: Total Days in Future Portion of Test Period | F74: Proration Amount (C / D) | H74: Projected Monthly Activity | I74: Prorated Projected Monthly Activity (E x F) | J74: Prorated Projected Balance (Cumulative Sum of G)
A75: =A74+1 -> 46
A76: =A75+1 -> 47 | B76: December 31st balance Prorated Items
A77: =A76+1 -> 48 | B77: January | C77: 31 | D77: =E77-C77+1 -> 335 | E77: =$C$26 -> 365 | F77: =D77/E77 -> 0.91780822 | I77: =H77*F77 -> 0 | J77: =$J76+$I77 -> 0
A78: =A77+1 -> 49 | B78: February | C78: 28 | D78: =D77-C78 -> 307 | E78: =$C$26 -> 365 | F78: =D78/E78 -> 0.84109589 | I78: =H78*F78 -> 0 | J78: =$J77+$I78 -> 0
A79: =A78+1 -> 50 | B79: March | C79: 31 | D79: =D78-C79 -> 276 | E79: =$C$26 -> 365 | F79: =D79/E79 -> 0.75616438 | I79: =H79*F79 -> 0 | J79: =$J78+$I79 -> 0
A80: =A79+1 -> 51 | B80: April | C80: 30 | D80: =D79-C80 -> 246 | E80: =$C$26 -> 365 | F80: =D80/E80 -> 0.6739726 | I80: =H80*F80 -> 0 | J80: =$J79+$I80 -> 0
A81: =A80+1 -> 52 | B81: May | C81: 31 | D81: =D80-C81 -> 215 | E81: =$C$26 -> 365 | F81: =D81/E81 -> 0.5890411 | I81: =H81*F81 -> 0 | J81: =$J80+$I81 -> 0
A82: =A81+1 -> 53 | B82: June | C82: 30 | D82: =D81-C82 -> 185 | E82: =$C$26 -> 365 | F82: =D82/E82 -> 0.50684932 | I82: =H82*F82 -> 0 | J82: =$J81+$I82 -> 0
A83: =A82+1 -> 54 | B83: July | C83: 31 | D83: =D82-C83 -> 154 | E83: =$C$26 -> 365 | F83: =D83/E83 -> 0.42191781 | I83: =H83*F83 -> 0 | J83: =$J82+$I83 -> 0
A84: =A83+1 -> 55 | B84: August | C84: 31 | D84: =D83-C84 -> 123 | E84: =$C$26 -> 365 | F84: =D84/E84 -> 0.3369863 | I84: =H84*F84 -> 0 | J84: =$J83+$I84 -> 0
A85: =A84+1 -> 56 | B85: September | C85: 30 | D85: =D84-C85 -> 93 | E85: =$C$26 -> 365 | F85: =D85/E85 -> 0.25479452 | I85: =H85*F85 -> 0 | J85: =$J84+$I85 -> 0
A86: =A85+1 -> 57 | B86: October | C86: 31 | D86: =D85-C86 -> 62 | E86: =$C$26 -> 365 | F86: =D86/E86 -> 0.16986301 | I86: =H86*F86 -> 0 | J86: =$J85+$I86 -> 0
A87: =A86+1 -> 58 | B87: November | C87: 30 | D87: =D86-C87 -> 32 | E87: =$C$26 -> 365 | F87: =D87/E87 -> 0.087671233 | I87: =H87*F87 -> 0 | J87: =$J86+$I87 -> 0
A88: =A87+1 -> 59 | B88: December | C88: 31 | D88: =D87-C88 -> 1 | E88: =$C$26 -> 365 | F88: =D88/E88 -> 0.002739726 | I88: =H88*F88 -> 0 | J88: =$J87+$I88 -> 0
A89: =A88+1 -> 60 | B89: Total | C89: =SUM(C77:C88) -> 365 | D89: =SUM(D77:D88) -> 2029 | E89: =SUM(E77:E88) -> 4380 | H89: =SUM(H77:H88) -> 0 | I89: =SUM(I77:I88) -> 0
A94: =A89+1 -> 61 | B94: Ending Balance of Prorated items | F94: ="(Line "&A88&", & Col H)" -> (Line 59, & Col H) | J94: =J88 -> 0
A95: =A94+1 -> 62 | B95: Non-prorated Average Balance
A96: =A95+1 -> 63 | B96: Proration Adjustment | F96: ="(Line "&A94&" minus Line "&A95&")" -> (Line 61 minus Line 62) | J96: =J94-J95 -> 0
B99: Account 281
A101: Line
A102: No.
A103: =A96+1 -> 64 | B103: Days in Period | H103: Averaging with Proration
A104: =A103+1 -> 65 | B104: A | C104: B | D104: C | E104: D | F104: E | H104: F | I104: G | J104: H
A105: =A104+1 -> 66 | B105: Month | C105: Days in the Month | D105: Number of Days Remaining in Year After Month's Accrual of Deferred Taxes | E105: Total Days in Future Portion of Test Period | F105: Proration Amount (C / D) | H105: Projected Monthly Activity | I105: Prorated Projected Monthly Activity (E x F) | J105: Prorated Projected Balance (Cumulative Sum of G)
A106: =A105+1 -> 67
A107: =A106+1 -> 68 | B107: December 31st balance Prorated Items
A108: =A107+1 -> 69 | B108: January | C108: 31 | D108: =E108-C108+1 -> 335 | E108: =$C$26 -> 365 | F108: =D108/E108 -> 0.91780822 | I108: =H108*F108 -> 0 | J108: =$J107+$I108 -> 0
A109: =A108+1 -> 70 | B109: February | C109: 28 | D109: =D108-C109 -> 307 | E109: =$C$26 -> 365 | F109: =D109/E109 -> 0.84109589 | I109: =H109*F109 -> 0 | J109: =$J108+$I109 -> 0
A110: =A109+1 -> 71 | B110: March | C110: 31 | D110: =D109-C110 -> 276 | E110: =$C$26 -> 365 | F110: =D110/E110 -> 0.75616438 | I110: =H110*F110 -> 0 | J110: =$J109+$I110 -> 0
A111: =A110+1 -> 72 | B111: April | C111: 30 | D111: =D110-C111 -> 246 | E111: =$C$26 -> 365 | F111: =D111/E111 -> 0.6739726 | I111: =H111*F111 -> 0 | J111: =$J110+$I111 -> 0
A112: =A111+1 -> 73 | B112: May | C112: 31 | D112: =D111-C112 -> 215 | E112: =$C$26 -> 365 | F112: =D112/E112 -> 0.5890411 | I112: =H112*F112 -> 0 | J112: =$J111+$I112 -> 0
A113: =A112+1 -> 74 | B113: June | C113: 30 | D113: =D112-C113 -> 185 | E113: =$C$26 -> 365 | F113: =D113/E113 -> 0.50684932 | I113: =H113*F113 -> 0 | J113: =$J112+$I113 -> 0
A114: =A113+1 -> 75 | B114: July | C114: 31 | D114: =D113-C114 -> 154 | E114: =$C$26 -> 365 | F114: =D114/E114 -> 0.42191781 | I114: =H114*F114 -> 0 | J114: =$J113+$I114 -> 0
A115: =A114+1 -> 76 | B115: August | C115: 31 | D115: =D114-C115 -> 123 | E115: =$C$26 -> 365 | F115: =D115/E115 -> 0.3369863 | I115: =H115*F115 -> 0 | J115: =$J114+$I115 -> 0
A116: =A115+1 -> 77 | B116: September | C116: 30 | D116: =D115-C116 -> 93 | E116: =$C$26 -> 365 | F116: =D116/E116 -> 0.25479452 | I116: =H116*F116 -> 0 | J116: =$J115+$I116 -> 0
A117: =A116+1 -> 78 | B117: October | C117: 31 | D117: =D116-C117 -> 62 | E117: =$C$26 -> 365 | F117: =D117/E117 -> 0.16986301 | I117: =H117*F117 -> 0 | J117: =$J116+$I117 -> 0
A118: =A117+1 -> 79 | B118: November | C118: 30 | D118: =D117-C118 -> 32 | E118: =$C$26 -> 365 | F118: =D118/E118 -> 0.087671233 | I118: =H118*F118 -> 0 | J118: =$J117+$I118 -> 0
A119: =A118+1 -> 80 | B119: December | C119: 31 | D119: =D118-C119 -> 1 | E119: =$C$26 -> 365 | F119: =D119/E119 -> 0.002739726 | I119: =H119*F119 -> 0 | J119: =$J118+$I119 -> 0
A120: =A119+1 -> 81 | B120: Total | C120: =SUM(C108:C119) -> 365 | D120: =SUM(D108:D119) -> 2029 | E120: =SUM(E108:E119) -> 4380 | H120: =SUM(H108:H119) -> 0 | I120: =SUM(I108:I119) -> 0
A125: =A120+1 -> 82 | B125: Ending Balance of Prorated items | F125: ="(Line "&A119&", & Col H)" -> (Line 80, & Col H) | J125: =J119 -> 0
A126: =A125+1 -> 83 | B126: Non-prorated Average Balance
...

Sheet 4d - ADIT Amortization
A1: Worksheet 4d - (Excess)/Deficient ADIT Amortization (Note 1)
A2: Transource Maryland, LLC
A3: For the 12 months ended 12/31/27
K4: Page 1 of 2
B6: Protected - (Excess) / Deficient ADIT Amortization (Note 2)
B8: (a) | C8: (b) | D8: (c) | E8: (d) | F8: (e) | G8: (f) | H8: (g) | I8: (h) | J8: (i) | K8: (j)
D9: 1 | E9: 1 | F9: 100% | I9: Total Included | J9: Amortization Account | K9: Remaining
A10: Line | D10: Non-Transmission | E10: Related to Facilities | F10: Transmission | G10: Plant | H10: Labor | I10: in Income Tax Expense | J10: 410.1 / 411.1 | K10: Amortization
A11: No. | B11: Identification | C11: Total (Note 1) | D11: Related | E11: Excluded | F11: Related | G11: Related | H11: Related | I11: (e)+(f)+(g) | J11: (Note 1) | K11: Period (Note 2)
A13: 1
A14: =A13+1 -> 2
A15: =A14+1 -> 3
A16: =A15+1 -> 4
A17: =A16+1 -> 5
A18: =A17+1 -> 6
A19: =A18+1 -> 7
A20: =A19+1 -> 8
A21: =A20+1 -> 9
A22: =A21+1 -> 10
A23: =A22+1 -> 11
A24: =A23+1 -> 12 | B24: Subtotal | C24: =SUM(C13:C22) -> 0 | D24: =SUM(D13:D22) -> 0 | E24: =SUM(E13:E22) -> 0 | G24: =SUM(G13:G22) -> 0 | H24: =SUM(H13:H22) -> 0
A25: =A24+1 -> 13 | B25: Transmission Allocator [GP or W/S ] | D25: 0 | E25: 0 | F25: 1 | G25: 1 | H25: 1
A26: =A25+1 -> 14 | B26: ="Total (ln "&A24&" * ln "&A25&")" -> Total (ln 12 * ln 13) | D26: =D24*D25 -> 0 | E26: =E24*E25 -> 0 | G26: =G24*G25 -> 0 | H26: =H24*H25 -> 0 | I26: =SUM(E26:H26) -> 0
B30: Unprotected - (Excess) / Deficient ADIT Amortization (Note 3)
B32: (a) | C32: (b) | D32: (c) | E32: (d) | F32: (e) | G32: (f) | H32: (g) | I32: (h) | J32: (i) | K32: (j)
D33: 1 | E33: 1 | F33: 100% | I33: Total Included | J33: Amortization Account | K33: Remaining
A34: Line | D34: Non-Transmission | E34: Related to Facilities | F34: Transmission | G34: Plant | H34: Labor | I34: in Income Tax Expense | J34: 410.1 / 411.1 | K34: Amortization
A35: No. | B35: Identification | C35: Total (Note 1) | D35: Related | E35: Excluded | F35: Related | G35: Related | H35: Related | I35: (e)+(f)+(g) | J35: (Note 1) | K35: Period (Note 3)
A37: =A26+1 -> 15
A38: =A37+1 -> 16
A39: =A38+1 -> 17
A40: =A39+1 -> 18
A41: =A40+1 -> 19
A42: =A41+1 -> 20
A43: =A42+1 -> 21
A44: =A43+1 -> 22
A45: =A44+1 -> 23
A46: =A45+1 -> 24
A47: =A46+1 -> 25
A48: =A47+1 -> 26
A49: =A48+1 -> 27
... A65: =A64+1 -> 43
A66: =A65+1 -> 44 | B66: Subtotal | C66: =SUM(C37:C64) -> 0 | D66: =SUM(D37:D64) -> 0 | E66: =SUM(E37:E64) -> 0 | G66: =SUM(G37:G64) -> 0 | H66: =SUM(H37:H64) -> 0
A67: =A66+1 -> 45 | B67: Transmission Allocator [GP or W/S ] | D67: 0 | E67: 0 | F67: 1 | G67: 1 | H67: 1
A68: =A67+1 -> 46 | B68: ="Total (ln "&A66&" * ln "&A67&")" -> Total (ln 44 * ln 45) | D68: =D66*D67 -> 0 | E68: =E66*E67 -> 0 | G68: =G66*G67 -> 0 | H68: =H66*H67 -> 0 | I68: =SUM(E68:H68) -> 0
K71: Page 2 of 2
A72: Worksheet 4d - (Excess) / Deficient Deferred Taxes - Calculated End of Year Balance
H73: update for new tax remeasurements
B74: (a) | C74: (b) | D74: (c) | E74: (d) | F74: (e) | G74: (f) | H74: (g)
C76: Beginning of Year
A77: Line | B77: Total Company | C77: Balances | D77: Return to Provision | E77: Other | F77: Current Year | G77: End of Year
A78: No. | B78: Regulatory Asset/Liability Balances | C78: Worksheet 4b | D78: Adjustment | E78: Adjustments | F78: EDIT Amortization | G78: Balance | H78: Notes
A79: =A68+1 -> 47 | B79: Protected Plant (Acct 254), before Gross-up (2017 TCJA Rate Change) | C79: ='4b - ADIT Beginning Ending'!C79 -> 0 | D79: 0 | E79: 0 | F79: 0 | G79: =+'4b - ADIT Beginning Ending'!F79 -> 0 | H79: The amortization of TCJA-related Excess and Deficient Protected ADIT balances starts January 1, 2018
A80: =A79+1 -> 48 | B80: Protected Plant (Acct 254), Gross-up Adjustment | C80: ='4b - ADIT Beginning Ending'!C82 -> 0 | D80: 0 | E80: 0 | F80: 0 | G80: =SUM(C80:F80) -> 0 | H80: Other Adjustments related to change in gross up rate
A81: =A80+1 -> 49
A82: =A81+1 -> 50
A84: =A82+1 -> 51 | B84: Unprotected (Acct 254), before Gross-up (2017 TCJA Rate Change) | C84: ='4b - ADIT Beginning Ending'!C81 -> 0 | D84: 0 | E84: 0 | F84: 0 | G84: ='4b - ADIT Beginning Ending'!F81 -> 0
A85: =A84+1 -> 52 | B85: Unprotected (Acct 254), Gross-up Adjustment | C85: ='4b - ADIT Beginning Ending'!C84 -> 0 | D85: 0 | E85: 0 | F85: 0 | G85: ='4b - ADIT Beginning Ending'!F84 -> 0
A86: =A85+1 -> 53
A87: =A86+1 -> 54
A89: =A87+1 -> 55 | B89: ="Total Regulatory Asset/Liability (sum lns "&A79&" and "&A87&")" -> Total Regulatory Asset/Liability (sum lns 47 and 54) | C89: =SUM(C79:C87) -> 0 | D89: =SUM(D79:D87) -> 0 | E89: =SUM(E79:E87) -> 0 | F89: =SUM(F79:F87) -> 0 | G89: =SUM(G79:G87) -> 0
C91: =C79+C84 -> 0 | D91: =D79+D84 -> 0 | E91: =E79+E84 -> 0 | F91: =F79+F84 -> 0 | G91: =G79+G84 -> 0
B94: Note 1: Worksheet 4d presents total company amortization for excess / deficient ADIT amounts. The amortization of the excess and deficient ADIT is recorded to accounts 411.1 and 410.1 respectively.
B95: Note 2: The amortization of Tax Cuts and Jobs Act ("TCJA") related Excess and Deficient Protected ADIT balances starts January 27, 2020 over the remaining life of Transource Maryland LLC's assets consistent the "Average Rate
B96: Assumption Method" (ARAM).
B97: Note 3: This amortization of TCJA-related Excess and Deficient Unprotected ADIT balances starts January 1, 2020 using an amortization period of one (1) year. Unprotected amortization is not generally booked or
B98: tracked by item. Excess and deficient unprotected amortization primarily relates to the following deferred tax items: Federal & State NOL Carryovers and Regulatory Assets & Liabilities.
B99: Note 4: Further explanatory notes may be provided for future tax rate changes
B104: Note 1: Worksheet C.3 presents total company amortization for excess / deficient ADIT amounts. This worksheet does not attempt to present jurisdictional balances.
B105: Note 2: The amortization of Tax Cuts and Jobs Act ("TCJA") related Excess and Deficient Protected ADIT balances starts January 1, 2018 over the remaining life of Transource Maryland LLC's assets consistent the "Average Rate
B106: Assumption Method" ("ARAM").
B107: Note 3: This amortization of TCJA-related Excess and Deficient Unprotected ADIT balances starts January 27, 2020 using a straight-line amortization period ofone year. Unprotected amortization is not generally booked or
B108: or tracked by item. Excess and deficient unprotected amortization primarily relates to the following deferred tax items: Federal & State NOL Carryovers and Regulatory Assets & Liabilities . This page 2 of Worksheet C.3 (i) will be
B109: used to calculate rates for service provided in the 2019 Rate Year and thereafter, and (ii) will not be used to calculate rates for service provided in the 2018 Rate Year.

Sheet 4e - Tax Remeasurement
A1: Worksheet 4e - Tax Remeasurement
A2: Transource Maryland, LLC
A3: For the 12 months ended 12/31/27
B5: Reason for Tax Remeasurement: | C5: Tax Cuts and Jobs Act of 2017
B7: (a) | C7: (b) | D7: (c) | F7: (d) | G7: (e) | H7: (f) | I7: (g) | J7: (h)
G8: Remeasurement | I8: Total | J8: Post-remeasurement
A9: Line | D9: Pre-remeasurement | F9: Remeasurement | G9: Amount | H9: 190/283 Reclass | I9: (Excess)/Deficiency | J9: Balance
A10: No. | B10: Utility Account | C10: Source | D10: Balance | F10: Percentage | G10: (e)=(c)*(d) | H10: (NOTE 2) | I10: (g)=(e)+(f) | J10: (h)=(c)+(f)
A12: 1 | B12: Account 190
A13: =A12+1 -> 2 | B13: Pre-remeasurement Electric Utility Balance | C13: 234.8.b | D13: 0
A14: =A13+1 -> 3 | B14: Less Deferred SIT | C14: Company Records | D14: 0
A15: =A14+1 -> 4 | D15: 0
A16: =A15+1 -> 5 | D16: 0
A17: =A16+1 -> 6 | B17: 190.1 | C17: Total including adjustments | D17: =D13-D14+D15+D16 -> 0 | F17: =1-(0.21/0.35) -> 0.4 | G17: =D17*F17 -> 0 | H17: 0 | I17: =G17+H17 -> 0 | J17: =D17+H17 -> 0
D18: 0
A19: =A17+1 -> 7 | B19: Account 281
A20: =A19+1 -> 8 | B20: Pre-remeasurement Electric Utility Balance | C20: 272.8.b | D20: 0
A21: =A20+1 -> 9 | B21: Less Deferred SIT | C21: Company Records | D21: 0
A22: =A21+1 -> 10 | D22: 0
A23: =A22+1 -> 11 | D23: 0
A24: =A23+1 -> 12 | B24: 282.1 (Enter Negative) | C24: Total including adjustments | D24: =-(D20-D21+D22+D23) -> 0 | F24: =1-(0.21/0.35) -> 0.4 | G24: =D24*F24 -> 0 | H24: 0 | I24: =G24+H24 -> 0 | J24: =D24+H24 -> 0
D25: 0
A26: =A24+1 -> 13 | B26: Account 282
A27: =A26+1 -> 14 | B27: Pre-remeasurement Electric Utility Balance | C27: 274.5.b | D27: 0
A28: =A27+1 -> 15 | B28: Less Deferred SIT | C28: Company Records | D28: 0
A29: =A28+1 -> 16 | D29: 0
A30: =A29+1 -> 17 | D30: 0
A31: =A30+1 -> 18 | B31: 282.1 (Enter Negative) | C31: Total including adjustments | D31: =-(D27-D28+D29+D30) -> 0 | F31: =1-(0.21/0.35) -> 0.4 | G31: =D31*F31 -> 0 | H31: 0 | I31: =G31+H31 -> 0 | J31: =D31+H31 -> 0
D32: 0
A33: =A31+1 -> 19 | B33: Account 283
A34: =A33+1 -> 20 | B34: Pre-remeasurement Electric Utility Balance | C34: 276.9.b | D34: 0
A35: =A34+1 -> 21 | B35: Less Deferred SIT | C35: Company Records | D35: 0
A36: =A35+1 -> 22 | D36: 0
A37: =A36+1 -> 23 | D37: 0
A38: =A37+1 -> 24 | B38: 283.1 (Enter Negative) | C38: Total including adjustments | D38: =-(D34-D35+D36+D37) -> 0 | F38: =1-(0.21/0.35) -> 0.4 | G38: =D38*F38 -> 0 | H38: 0 | I38: =G38+H38 -> 0 | J38: =D38+H38 -> 0
D39: 0
A40: =A38+1 -> 25 | B40: Total | D40: =D17+D24+D31+D38 -> 0 | G40: =G17+G24+G31+G38 -> 0 | H40: =H17+H24+H31+H38 -> 0 | I40: =I17+I24+I31+I38 -> 0 | J40: =J17+J24+J31+J38 -> 0
B42: Note 1: This sheet only to be used in years which have a change in corporate income tax rates.
B43: Note 2: As part of the remeasurement calculation, the remeasurement ADIT balances in account 1901001 were reclassed to account 2831001 to group nonproperty utility deferrals together as one timing difference.
B44: Note 3: Use blank rows in each account for any additional adjustments needed prior to remeasurement.

Sheet 5-Return
A1: Attachment 5
A2: Return on Rate Base Worksheet
A3: =+'Attachment H-30A'!$D$5 -> Transource Maryland, LLC
B5: RETURN ON RATE BASE (R)
F6: $
A7: 1 | B7: Long Term Debt Interest (117, sum of 62.c - 67.c) Note D | F7: 538149.3
A9: =+A7+1 -> 2 | B9: Preferred Dividends (118.29c) (positive number) | F9: 0
A11: =+A9+1 -> 3 | B11: Proprietary Capital (Line 25 ( c)) | F11: =+E40 -> 9959226.3
A12: =+A11+1 -> 4 | B12: Less Preferred Stock (line 25 (b)) | F12: =-D40 -> 0
A13: =+A12+1 -> 5 | B13: Less Account 216.1 Undistributed Subsidiary Earnings (Line 25(d)) | F13: =-F40 -> 0
A14: =+A13+1 -> 6 | B14: Less Account 219 Accum. Other Comprehensive Income (Line 25(e)) | F14: =-G40 -> 0
A15: =+A14+1 -> 7 | B15: Common Stock | C15: (Sum of Lines 3 through 6) | F15: =+SUM(F11:F14) -> 9959226.3
F18: $ | G18: % | H18: Cost | I18: Weighted
A19: =+A15+1 -> 8 | B19: Long Term Debt | C19: Line 25 (a), Note A and Attachment H-30A Note Q | F19: =+C40 -> 9900000 | G19: =1-G21 -> 0.5 | H19: =F7/F19 -> 0.054358515 | I19: =G19*H19 -> 0.027179258 | J19: =WCLTD
A20: =+A19+1 -> 9 | B20: Preferred Stock | C20: Line 25 (b), Note B and Attachment H-30A Note Q | F20: =+D40 -> 0 | G20: 0 | H20: =IFERROR(+F9/F20,0) -> 0 | I20: =G20*H20 -> 0
A21: =+A20+1 -> 10 | B21: Common Stock | C21: Line 7, Note C and Attachment H-30A Notes Q and T | F21: =+F15 -> 9959226.3 | G21: =IF(F21/F22>50%,50%,F21/F22) -> 0.5 | H21: =+'Attachment H-30A'!G205 -> 0.104 | I21: =G21*H21 -> 0.052
A22: =+A21+1 -> 11 | B22: Total | C22: (Sum of Lines 8 through 10) | F22: =SUM(F19:F21) -> 19859226 | I22: =SUM(I19:I21) -> 0.079179258 | J22: =R
C25: (a) | D25: (b) | E25: ( c) | F25: (d) | G25: (e)
B26: Monthly Balances for Capital Structure | C26: Long Term Debt (112.18-21.c) | D26: Preferred Stock (112.3.c) | E26: Proprietary Capital (112.16.c) | F26: Undistributed Sub Earnings 216.1 (112.12.c) | G26: Accum Other Comp. Income 219 (112.15.c)
A27: =+A22+1 -> 12 | B27: December (prior year) | C27: 9900000 | D27: 0 | E27: 10669942 | F27: 0 | G27: 0
A28: =+A27+1 -> 13 | B28: January | C28: 9900000 | D28: 0 | E28: 9900000 | F28: 0 | G28: 0
A29: =+A28+1 -> 14 | B29: February | C29: 9900000 | D29: 0 | E29: 9900000 | F29: 0 | G29: 0
A30: =+A29+1 -> 15 | B30: March | C30: 9900000 | D30: 0 | E30: 9900000 | F30: 0 | G30: 0
A31: =+A30+1 -> 16 | B31: April | C31: 9900000 | D31: 0 | E31: 9900000 | F31: 0 | G31: 0
A32: =+A31+1 -> 17 | B32: May | C32: 9900000 | D32: 0 | E32: 9900000 | F32: 0 | G32: 0
A33: =+A32+1 -> 18 | B33: June | C33: 9900000 | D33: 0 | E33: 9900000 | F33: 0 | G33: 0
A34: =+A33+1 -> 19 | B34: July | C34: 9900000 | D34: 0 | E34: 9900000 | F34: 0 | G34: 0
A35: =+A34+1 -> 20 | B35: August | C35: 9900000 | D35: 0 | E35: 9900000 | F35: 0 | G35: 0
A36: =+A35+1 -> 21 | B36: September | C36: 9900000 | D36: 0 | E36: 9900000 | F36: 0 | G36: 0
A37: =+A36+1 -> 22 | B37: October | C37: 9900000 | D37: 0 | E37: 9900000 | F37: 0 | G37: 0
A38: =+A37+1 -> 23 | B38: November | C38: 9900000 | D38: 0 | E38: 9900000 | F38: 0 | G38: 0
A39: =+A38+1 -> 24 | B39: December | C39: 9900000 | D39: 0 | E39: 9900000 | F39: 0 | G39: 0
A40: =+A39+1 -> 25 | B40: 13 Month Average | C40: =+SUM(C27:C39)/13 -> 9900000 | D40: =+SUM(D27:D39)/13 -> 0 | E40: =+SUM(E27:E39)/13 -> 9959226.3 | F40: =+SUM(F27:F39)/13 -> 0 | G40: =+SUM(G27:G39)/13 -> 0
A42: Notes
A43: A | B43: Long Term debt balance will reflect the 13 month average of the balances, of which the 1st and 13th are found on page 112 lines 18.c to 21.c in the Form No. 1, the cost is calculated by dividing line 1 by the Long Term Debt balance on line 8.
A45: B | B45: Preferred Stock balance will reflect the 13 month average of the balances, of which the 1st and 13th are found on page 112 line 3.c in the Form No. 1
A46: C | B46: Common Stock balance will reflect the 13 month average of the balances, of which the 1st and 13th are found on Form 1 page 112 line 16.c less lines 3.c , 12.c, and 15.c
A47: D | B47: Long Term debt interest is the sum of Form 1 page 117 lines 62-67.c, with 65-66.c entered as negative numbers. If the Company has any short term debt with associated companies, the interest on that short term debt recorded in Account 430 will be excluded. The portion of interest in Account 430 related to any long term debt to associated companies will be included.

Sheet 6 - True-Up Interest
A1: Attachment 6
A2: Interest on True-Up
A3: =+'Attachment H-30A'!D5 -> Transource Maryland, LLC
A6: 2025 | D6: =+A6 -> 2025
A7: Projected Revenue Requirement (Note A) | D7: Actual Net Revenue Requirement (Note B) | G7: Over (Under) Recovery
A9: ='3-Project True-up'!G11 -> 1777490.5 | B9: Less | D9: =+'3-Project True-up'!H29 -> 1930676.7 | F9: Equals | G9: =IF(D9=0,0,A9-D9) -> -153186.15
A11: Note A - Projected ATRR for the true-up year from Page 1, Line 1 of Projection Attachment H-30A minus Line 6 of Projection Attachment H-30A.
A12: Note B - Actual Net ATRR for the true-up year from Page 1, Line 10 of True-Up Attachment H-30A.
A16: Interest Rate on Amount of Refunds or Surcharges | D16: Over (Under) Recovery Plus Interest | F16: Monthly Interest Rate on Attachment 6a | G16: Months | H16: Calculated Interest | I16: Amortization | K16: Surcharge (Refund) Owed
F17: =+'6a - True-up Interest Rate'!E33 -> 0.00613375
A19: An over or under collection will be recovered prorata over year collected, held for one year and returned prorata over next year
A22: Calculation of Interest | H22: Monthly
A23: January | B23: ="Year "&A6 -> Year 2025 | D23: =+G9/12 -> -12765.512 | F23: =+F17 -> 0.00613375 | G23: 12 | H23: =F23*D23*G23*-1 -> 939.60552 | K23: =(-H23+D23)*-1 -> 13705.118
A24: February | B24: =+B23 -> Year 2025 | D24: =+D23 -> -12765.512 | F24: =+F23 -> 0.00613375 | G24: =+G23-1 -> 11 | H24: =F24*D24*G24*-1 -> 861.30506 | K24: =(-H24+D24)*-1 -> 13626.817
A25: March | B25: =+B24 -> Year 2025 | D25: =+D24 -> -12765.512 | F25: =+F24 -> 0.00613375 | G25: =+G24-1 -> 10 | H25: =F25*D25*G25*-1 -> 783.0046 | K25: =(-H25+D25)*-1 -> 13548.517
A26: April | B26: =+B25 -> Year 2025 | D26: =+D25 -> -12765.512 | F26: =+F25 -> 0.00613375 | G26: =+G25-1 -> 9 | H26: =F26*D26*G26*-1 -> 704.70414 | K26: =(-H26+D26)*-1 -> 13470.216
A27: May | B27: =+B26 -> Year 2025 | D27: =+D26 -> -12765.512 | F27: =+F26 -> 0.00613375 | G27: =+G26-1 -> 8 | H27: =F27*D27*G27*-1 -> 626.40368 | K27: =(-H27+D27)*-1 -> 13391.916
A28: June | B28: =+B27 -> Year 2025 | D28: =+D27 -> -12765.512 | F28: =+F27 -> 0.00613375 | G28: =+G27-1 -> 7 | H28: =F28*D28*G28*-1 -> 548.10322 | K28: =(-H28+D28)*-1 -> 13313.615
A29: July | B29: =+B28 -> Year 2025 | D29: =+D28 -> -12765.512 | F29: =+F28 -> 0.00613375 | G29: =+G28-1 -> 6 | H29: =F29*D29*G29*-1 -> 469.80276 | K29: =(-H29+D29)*-1 -> 13235.315
A30: August | B30: =+B29 -> Year 2025 | D30: =+D29 -> -12765.512 | F30: =+F29 -> 0.00613375 | G30: =+G29-1 -> 5 | H30: =F30*D30*G30*-1 -> 391.5023 | K30: =(-H30+D30)*-1 -> 13157.014
A31: September | B31: =+B30 -> Year 2025 | D31: =+D30 -> -12765.512 | F31: =+F30 -> 0.00613375 | G31: =+G30-1 -> 4 | H31: =F31*D31*G31*-1 -> 313.20184 | K31: =(-H31+D31)*-1 -> 13078.714
A32: October | B32: =+B31 -> Year 2025 | D32: =+D31 -> -12765.512 | F32: =+F31 -> 0.00613375 | G32: =+G31-1 -> 3 | H32: =F32*D32*G32*-1 -> 234.90138 | K32: =(-H32+D32)*-1 -> 13000.413
A33: November | B33: =+B32 -> Year 2025 | D33: =+D32 -> -12765.512 | F33: =+F32 -> 0.00613375 | G33: =+G32-1 -> 2 | H33: =F33*D33*G33*-1 -> 156.60092 | K33: =(-H33+D33)*-1 -> 12922.113
A34: December | B34: =+B33 -> Year 2025 | D34: =+D33 -> -12765.512 | F34: =+F33 -> 0.00613375 | G34: =+G33-1 -> 1 | H34: =F34*D34*G34*-1 -> 78.30046 | K34: =(-H34+D34)*-1 -> 12843.813
H35: =SUM(H23:H34) -> 6107.4359 | K35: =SUM(K23:K34) -> 159293.58
H37: Annual
A38: January through December | B38: ="Year "&$A$6+1 -> Year 2026 | D38: =K35 -> 159293.58 | F38: =+F34 -> 0.00613375 | G38: 12 | H38: =+G38*F38*D38 -> 11724.804 | K38: =+D38+H38 -> 171018.39
A40: Over (Under) Recovery Plus Interest Amortized and Recovered Over 12 Months | H40: Monthly
A41: January | B41: ="Year "&$A$6+2 -> Year 2027 | D41: =-K38 -> -171018.39 | F41: =+F34 -> 0.00613375 | H41: =-F41*D41 -> 1048.984 | I41: =PMT(F41,12,K$38) -> -14826.101 | K41: =(+D41+D41*F41-I41)*-1 -> 157241.27
A42: February | B42: =+B41 -> Year 2027 | D42: =-K41 -> -157241.27 | F42: =+F41 -> 0.00613375 | H42: =-F42*D42 -> 964.47863 | I42: =I41 -> -14826.101 | K42: =(+D42+D42*F42-I42)*-1 -> 143379.65
A43: March | B43: =+B42 -> Year 2027 | D43: =-K42 -> -143379.65 | F43: =+F42 -> 0.00613375 | H43: =-F43*D43 -> 879.4549 | I43: =I42 -> -14826.101 | K43: =(+D43+D43*F43-I43)*-1 -> 129433
A44: April | B44: =+B43 -> Year 2027 | D44: =-K43 -> -129433 | F44: =+F43 -> 0.00613375 | H44: =-F44*D44 -> 793.90966 | I44: =I43 -> -14826.101 | K44: =(+D44+D44*F44-I44)*-1 -> 115400.81
A45: May | B45: =+B44 -> Year 2027 | D45: =-K44 -> -115400.81 | F45: =+F44 -> 0.00613375 | H45: =-F45*D45 -> 707.8397 | I45: =I44 -> -14826.101 | K45: =(+D45+D45*F45-I45)*-1 -> 101282.55
A46: June | B46: =B45 -> Year 2027 | D46: =-K45 -> -101282.55 | F46: =+F45 -> 0.00613375 | H46: =-F46*D46 -> 621.24182 | I46: =I45 -> -14826.101 | K46: =(+D46+D46*F46-I46)*-1 -> 87077.687
A47: July | B47: =+B46 -> Year 2027 | D47: =-K46 -> -87077.687 | F47: =+F46 -> 0.00613375 | H47: =-F47*D47 -> 534.11276 | I47: =I46 -> -14826.101 | K47: =(+D47+D47*F47-I47)*-1 -> 72785.698
A48: August | B48: =+B47 -> Year 2027 | D48: =-K47 -> -72785.698 | F48: =+F47 -> 0.00613375 | H48: =-F48*D48 -> 446.44928 | I48: =I47 -> -14826.101 | K48: =(+D48+D48*F48-I48)*-1 -> 58406.046
A49: September | B49: =+B48 -> Year 2027 | D49: =-K48 -> -58406.046 | F49: =+F48 -> 0.00613375 | H49: =-F49*D49 -> 358.24809 | I49: =I48 -> -14826.101 | K49: =(+D49+D49*F49-I49)*-1 -> 43938.193
A50: October | B50: =+B49 -> Year 2027 | D50: =-K49 -> -43938.193 | F50: =+F49 -> 0.00613375 | H50: =-F50*D50 -> 269.50589 | I50: =I49 -> -14826.101 | K50: =(+D50+D50*F50-I50)*-1 -> 29381.598
A51: November | B51: =+B50 -> Year 2027 | D51: =-K50 -> -29381.598 | F51: =+F50 -> 0.00613375 | H51: =-F51*D51 -> 180.21938 | I51: =I50 -> -14826.101 | K51: =(+D51+D51*F51-I51)*-1 -> 14735.716
A52: December | B52: =+B51 -> Year 2027 | D52: =-K51 -> -14735.716 | F52: =+F51 -> 0.00613375 | H52: =-F52*D52 -> 90.385198 | I52: =I51 -> -14826.101 | K52: =(+D52+D52*F52-I52)*-1 -> -1.6370905e-11
H53: =SUM(H41:H52) -> 6894.8293
A55: Total Amount of True-Up Adjustment | I55: =SUM(I41:I52)*-1 -> 177913.21
A56: Less Over (Under) Recovery | I56: =+G9 -> -153186.15
A57: Total Interest | I57: =(I55+I56) -> 24727.069

Sheet 6a - True-up Interest Rate
D1: Attachment 6a
D2: True-Up Interest Rate Calculation
D3: =+'Attachment H-30A'!D5 -> Transource Maryland, LLC
A6: This Attachment is used to compute the interest rate to be applied to each year's revenue requirement true-up.
B10: Applicable FERC Interest Rate (Note A):
A11: 1 | C11: Rate Year January | E11: 0.0804
A12: 2 | C12: Rate Year February | E12: 0.0804
A13: 3 | C13: Rate Year March | E13: 0.0804
A14: 4 | C14: Rate Year April | E14: 0.0755
A15: 5 | C15: Rate Year May | E15: 0.0755
A16: 6 | C16: Rate Year June | E16: 0.0755
A17: 7 | C17: Rate Year July | E17: 0.075
A18: 8 | C18: Rate Year August | E18: 0.075
A19: 9 | C19: Rate Year September | E19: 0.075
A20: 10 | C20: Rate Year October | E20: 0.075
A21: 11 | C21: Rate Year November | E21: 0.075
A22: 12 | C22: Rate Year December | E22: 0.075
A23: =+A22+1 -> 13 | C23: Rate Year Plus 1 January | E23: 0.072
A24: =+A23+1 -> 14 | C24: Rate Year Plus 1 February | E24: 0.072
A25: =+A24+1 -> 15 | C25: Rate Year Plus 1 March | E25: 0.072
A26: =+A25+1 -> 16 | C26: Rate Year Plus 1 April | E26: 0.0678
A27: =+A26+1 -> 17 | C27: Rate Year Plus 1 May | E27: 0.0678
A28: =+A27+1 -> 18 | C28: Rate Year Plus 1 June | E28: 0.0678
A29: =+A28+1 -> 19 | C29: Rate Year Plus 1 July | E29: 0.0675
A30: =+A29+1 -> 20 | C30: Rate Year Plus 1 August | E30: 0.0675
A32: =+A30+1 -> 21 | B32: Average rate | E32: =+AVERAGE(E11:E30) -> 0.073605
A33: =+A32+1 -> 22 | B33: Monthly Average rate | E33: =+E32/12 -> 0.00613375
A35: Note A - Lines 1-20 are the FERC interest rates under section 35.19a of the regulations for the period shown. Line 21 is the average of lines 1-20.

Sheet 7 - PBOP
A1: Attachment 7
A2: Post-Employment Benefits Other than Pensions (PBOP)
A3: =+'Attachment H-30A'!D5 -> Transource Maryland, LLC
B5: Calculation of PBOP Expenses
D6: AEP | E6: KCP&L | F6: Total
A7: Line No. | D7: (a) | E7: (b) | F7: (c) = (a+b)
A8: 1 | D8: Year Ended December 31, 2015 | E8: Year Ended December 31, 2015
A9: 2 | B9: Total PBOP expenses, corporate parent companies | C9: Note A | D9: =-98328251+5994383 -> -92333868 | E9: 8386137
A10: 3 | B10: Amount relating to retired personnel | C10: Note A | D10: =+D9*((16980+297)/(16980+17214+48+297)) -> -46186984 | E10: =+E9*((2242+1149)/(2950+2242+1855+1149)) -> 3469667
A11: 4 | B11: Amount allocated on Labor | C11: Line 2 less line 3 | D11: =D9-D10 -> -46146884 | E11: =E9-E10 -> 4916470
A12: 5 | B12: Labor dollars | C12: Note B | D12: 1573181281 | E12: =243676962-51943652 -> 191733310
A13: 6 | B13: Cost per labor dollar | C13: Line 4 divided by line 5 | D13: =IFERROR(D11/D12,0) -> -0.029333482 | E13: =IFERROR(E11/E12,0) -> 0.025642232
A14: 7 | B14: Labor (labor not capitalized) current year | C14: Note C | D14: 30387.627 | E14: 0
A15: 8 | B15: PBOP Expense Allowed for current year | C15: Line 6 times line 7 | D15: =D13*D14 -> -891.37489 | E15: =E13*E14 -> 0 | F15: =SUM(D15:E15) -> -891.37489
A16: 9
A18: 10 | B18: Actual PBOP in Company's O&M and A&G expense accounts in Form No. 1 | F18: 0
A21: Notes
A22: A | B22: Amounts on lines 2-3 reflect data from the 2015 actuarial reports for AEP and KCP&L. These values cannot change absent approval or acceptance by FERC in a separate proceeding.
A24: B | B24: Amounts on line 5 reflect the actual AEP and KCP&L straight-time labor, including both capitalized and expensed labor, loaded for non-productive load. KCP&L's labor is $243,676,962, as provided on the 2015 FERC Form 1 on page 354.96.d, less $51,943,652 of labor dollars associated with the Wolf Creek Nuclear Facility.
A26: C | B26: The labor in line 7 is the total labor excluding capitalized labor charged by an AEP affiliate or KCP&L affiliate to the Company in the year.

Sheet 8-Construction Debt
A1: Attachment 8
A2: Cost of Debt Prior to Issuing Non-Construction Financing
A3: =+'Attachment H-30A'!D5 -> Transource Maryland, LLC
A5: This Attachment 8 is to be utilized to determine the cost of debt prior to issuing non-construction financing. Once non-construction financing is issued the cost of debt shall be determined using the methodology described in Note Q on Attachment H-30A.
A6: If construction debt has not or will not be issued when construction starts, a proxy interest rate will be used for the cost of debt, which will be supported in the initial section 205 filing. The proxy interest rate will be entered on line 36 of this attachment.
A7: If construction financing has been obtained, the cost of debt prior to the issuance of non-construction financing shall be based on the terms of the construction financing and determined below. Up-front fees including origination fees will be amortized and included in the cost of debt.
A8: If construction financing is obtained, all rates, fees and monthly debt balances will be subject to true up pursuant to Attachment 9.
A9: Any hypothetical amounts in a filed template will be removed and replaced with actual amounts in the first year actual construction loans are borrowed or projected to be borrowed without the need for a section 205 filing to modify the template.
A10: Line No
A11: 1 | B11: Interest rate on Construction Debt for Rate Year - Line 19 (g) | D11: =I33 -> #DIV/0!
A12: =+A11+1 -> 2 | B12: Rate Year Debt Fee expense - Line 35 ( e ) | D12: =+G53 -> #DIV/0!
A13: =+A12+1 -> 3 | B13: Total Cost of Debt | D13: =+D11+D12 -> #DIV/0!
B15: Interest Rate Information
A16: =A13+1 -> 4 | B16: Commitment Fee Rate (%) | D16: 0
A17: =A16+1 -> 5 | B17: Projected Average Drawn Rate for Rate Year (%) - Note A | D17: 0
B18: Month During Rate Year | D18: Total Loan Amount ($000) | E18: Principal Drawn ($000) | F18: Unutilized Loan Balance ($000) | G18: Commitment Fee ($000) | H18: Interest Expense ($000) | I18: Effective Annual Interest Rate (%)
B19: (a) | D19: (b) | E19: (c) | F19: (d) | G19: (e) | H19: (f) | I19: (g)
A20: =A17+1 -> 6 | B20: December Prior Year | D20: 0 | E20: 0 | F20: =D20-E20 -> 0 | G20: =($D$16/12)*F20 -> 0 | H20: =($D$17/12)*E20 -> 0
A21: =+A20+1 -> 7 | B21: January | D21: 0 | E21: 0 | F21: =D21-E21 -> 0 | G21: =($D$16/12)*F21 -> 0 | H21: =($D$17/12)*E21 -> 0
A22: =+A21+1 -> 8 | B22: February | D22: 0 | E22: 0 | F22: =D22-E22 -> 0 | G22: =($D$16/12)*F22 -> 0 | H22: =($D$17/12)*E22 -> 0
A23: =+A22+1 -> 9 | B23: March | D23: 0 | E23: 0 | F23: =D23-E23 -> 0 | G23: =($D$16/12)*F23 -> 0 | H23: =($D$17/12)*E23 -> 0
A24: =+A23+1 -> 10 | B24: April | D24: 0 | E24: 0 | F24: =D24-E24 -> 0 | G24: =($D$16/12)*F24 -> 0 | H24: =($D$17/12)*E24 -> 0
A25: =+A24+1 -> 11 | B25: May | D25: 0 | E25: 0 | F25: =D25-E25 -> 0 | G25: =($D$16/12)*F25 -> 0 | H25: =($D$17/12)*E25 -> 0
A26: =+A25+1 -> 12 | B26: June | D26: 0 | E26: 0 | F26: =D26-E26 -> 0 | G26: =($D$16/12)*F26 -> 0 | H26: =($D$17/12)*E26 -> 0
A27: =+A26+1 -> 13 | B27: July | D27: 0 | E27: 0 | F27: =D27-E27 -> 0 | G27: =($D$16/12)*F27 -> 0 | H27: =($D$17/12)*E27 -> 0
A28: =+A27+1 -> 14 | B28: August | D28: 0 | E28: 0 | F28: =D28-E28 -> 0 | G28: =($D$16/12)*F28 -> 0 | H28: =($D$17/12)*E28 -> 0
A29: =+A28+1 -> 15 | B29: September | D29: 0 | E29: 0 | F29: =D29-E29 -> 0 | G29: =($D$16/12)*F29 -> 0 | H29: =($D$17/12)*E29 -> 0
A30: =+A29+1 -> 16 | B30: October | D30: 0 | E30: 0 | F30: =D30-E30 -> 0 | G30: =($D$16/12)*F30 -> 0 | H30: =($D$17/12)*E30 -> 0
A31: =+A30+1 -> 17 | B31: November | D31: 0 | E31: 0 | F31: =D31-E31 -> 0 | G31: =($D$16/12)*F31 -> 0 | H31: =($D$17/12)*E31 -> 0
A32: =+A31+1 -> 18 | B32: December | D32: 0 | E32: 0 | F32: =D32-E32 -> 0 | G32: =($D$16/12)*F32 -> 0 | H32: =($D$17/12)*E32 -> 0
A33: =+A32+1 -> 19 | B33: Average of the 13 Monthly Balances | E33: =SUM(E20:E32)/13 -> 0 | G33: =SUM(G20:G32) -> 0 | H33: =SUM(H20:H32) -> 0 | I33: =(G33+H33)/E33 -> #DIV/0!
B35: Example Fee Calculation - All amounts represent actual rate year expenses.
C36: (a) | D36: (b) | E36: (c ) | F36: (d) | G36: (e) | H36: (f) | I36: (g)
B37: Origination Fees | C37: Rates/Fees | D37: Gross Fee Amount ($000) | E37: Year Fee Incurred | F37: Fee Amortization period (years) | G37: Rate Year Amortized Fee Amount, col. b / col. d | H37: Prior Years Accumulated Fee Amortization | I37: Unamortized Balance - End of Rate Year
A38: =+A33+1 -> 20 | B38: Underwriting Discount | D38: 0 | E38: 0 | F38: 0 | G38: =+D38/F38 -> #DIV/0! | H38: 0 | I38: =MAX(+D38-G38-H38,0) -> #DIV/0!
A39: =+A38+1 -> 21 | B39: Arrangement Fee | D39: 0 | E39: 0 | F39: 0 | G39: =+D39/F39 -> #DIV/0! | H39: 0 | I39: =MAX(+D39-G39-H39,0) -> #DIV/0!
A40: =+A39+1 -> 22 | B40: Upfront Fee | D40: 0 | E40: 0 | F40: 0 | G40: =+D40/F40 -> #DIV/0! | H40: 0 | I40: =MAX(+D40-G40-H40,0) -> #DIV/0!
A41: =+A40+1 -> 23 | B41: Rating Agency Fee | D41: 0 | E41: 0 | F41: 0 | G41: =+D41/F41 -> #DIV/0! | H41: 0 | I41: =MAX(+D41-G41-H41,0) -> #DIV/0!
A42: =+A41+1 -> 24 | B42: Legal Fees | D42: 0 | E42: 0 | F42: 0 | G42: =+D42/F42 -> #DIV/0! | H42: 0 | I42: =MAX(+D42-G42-H42,0) -> #DIV/0!
A43: =+A42+1 -> 25 | B43: Other | D43: 0 | E43: 0 | F43: 0 | G43: =+D43/F43 -> #DIV/0! | H43: 0 | I43: =MAX(+D43-G43-H43,0) -> #DIV/0!
A44: =+A43+1 -> 26 | B44: Total Issuance Expense / Origination Fees | D44: =SUM(D38:D43) -> 0 | G44: =SUM(G38:G43) -> #DIV/0! | H44: =SUM(H38:H43) -> 0 | I44: =SUM(I38:I43) -> #DIV/0!
A45: =+A44+1 -> 27
A46: =+A45+1 -> 28 | B46: Annual Fees
A47: =+A46+1 -> 29 | B47: Annual Rating Agency Fee | D47: 0 | E47: 0 | F47: N/A | G47: =D47 -> 0 | H47: N/A | I47: N/A
A48: =+A47+1 -> 30 | B48: Annual Bank Agency Fee | D48: 0 | E48: 0 | F48: N/A | G48: =D48 -> 0 | H48: N/A | I48: N/A
A49: =+A48+1 -> 31 | B49: Utilization Fee | D49: 0 | E49: 0 | F49: N/A | G49: =D49 -> 0 | H49: N/A | I49: N/A
A50: =+A49+1 -> 32 | B50: Other Fees | F50: N/A | G50: =D50 -> 0 | H50: N/A | I50: N/A
A51: =+A50+1 -> 33 | B51: Total Fees | D51: =+SUM(D44:D50) -> 0 | G51: =+SUM(G44:G50) -> #DIV/0! | H51: =+SUM(H44:H50) -> 0 | I51: =+SUM(I44:I50) -> #DIV/0!
A52: =+A51+1 -> 34 | B52: 13 Month Average Debt balance - Line 19 ( c) | G52: =+E33 -> 0
A53: =+A52+1 -> 35 | B53: Rate Year cost of fees | G53: =G51/G52 -> #DIV/0!
A54: =+A53+1 -> 36 | B54: Proxy interest rate. Used prior to issuance of construction financing and supported in initial section 205 filing. | E54: 0.0298
A56: Notes
A57: A | B57: Projected rate will be Average LIBOR for rate year + spread. LIBOR will be updated based on information in the Wall Street Journal as of the 15th day of the month prior to population of this template.
B58: LIBOR | C58: 0
B59: Spread | C59: 0
B60: Total | C60: =+C58+C59 -> 0

Sheet 9- Cost of Debt True-up
A1: Attachment 9
A2: True-up - Construction Financing Cost of Debt
A3: =+'Attachment H-30A'!D5 -> Transource Maryland, LLC
B6: This Attachment 9 is to be utilized only in the event construction financing has been obtained to compute the actual cost of debt to be included in the return on rate base calculation for the true-up each year prior to the issuance of non-construction financing. Once non-construction financing has been obtained the cost of debt shall be determined using the methodology described in Note Q on Attachment H-30A.
B7: One time up-front debt fees, including origination fees will be amortized and included in the cost of debt.
B8: Any hypothetical amounts in a filed template will be removed and replaced with actual amounts in the first year actual construction loans are borrowed or projected to be borrowed without the need for a section 205 filing to modify the template.
A10: Line No.
D11: $
A12: 1 | B12: Long Term Interest and Fees (117, sum of 62.c through 67.c) - Note A | D12: 0
A13: =+A12+1 -> 2 | B13: Line of Credit Fees (68.c) | D13: 0
A14: =+A13+1 -> 3 | B14: Total Interest and Fees | D14: =SUM(D12:D13) -> 0
B17: 13 Month Average Long-Term Debt - Note B
B18: Month During Rate Year | D18: Long Term Debt
B19: (a) | D19: (d)
A20: =+A14+1 -> 4 | B20: December Prior Year | D20: 0
A21: =+A20+1 -> 5 | B21: January | D21: 0
A22: =+A21+1 -> 6 | B22: February | D22: 0
A23: =+A22+1 -> 7 | B23: March | D23: 0
A24: =+A23+1 -> 8 | B24: April | D24: 0
A25: =+A24+1 -> 9 | B25: May | D25: 0
A26: =+A25+1 -> 10 | B26: June | D26: 0
A27: =+A26+1 -> 11 | B27: July | D27: 0
A28: =+A27+1 -> 12 | B28: August | D28: 0
A29: =+A28+1 -> 13 | B29: September | D29: 0
A30: =+A29+1 -> 14 | B30: October | D30: 0
A31: =+A30+1 -> 15 | B31: November | D31: 0
A32: =+A31+1 -> 16 | B32: December | D32: 0
A33: =+A32+1 -> 17 | B33: Average of the 13 Monthly Balances | D33: =SUM(D20:D32)/13 -> 0
A35: =+A33+1 -> 18 | B35: True-Up Cost of Debt (Line 3 / Line 17) | D35: =D14/D33 -> #DIV/0!
A37: Notes
A38: A | B38: Long Term debt interest is the sum of Form 1 page 117 lines 62-67.c, with 65-66.c entered as negative numbers. If the Company has any short term debt with associated companies, the interest on that short term debt recorded in Account 430 will be excluded. The portion of interest in Account 430 related to any long term debt to associated companies will be included.
A39: B | B39: Long Term debt balance will reflect the 13 month average of the balances, of which the 1st and 13th are found on page 112 lines 18.c to 21.c in the Form No. 1, the cost is calculated by dividing line 3 by the Long Term Debt balance on line 17.

Sheet 10 -Depreciation Rates
A1: Attachment 10
A2: Depreciation Rates
A3: =+'Attachment H-30A'!D5 -> Transource Maryland, LLC
A8: INITIAL PROPOSED TRANSMISSION AND GENERAL PLANT DEPRECIATION RATES
A9: CALCULATED FROM APPALACHIAN POWER COMPANY (WEST VIRGINIA) MORTALITY CHARACTERISTICS
A10: FROM CASE NO. 14-1151-E-D (NOTE A)
C12: Average Service Life (Years) | D12: Iowa Curve | E12: Salvage Factor | F12: Cost of Removal Factor | G12: Net Salvage Factor | H12: Calculated Initial Annual Depreciation Rates (Note B)
A13: TRANSMISSION PLANT
A15: 351.0 | B15: Energy Storage Equipment | C15: 15 | D15: SQ | E15: 0.05 | F15: 0.05 | G15: =E15-F15 -> 0 | H15: =(1-G15)/C15 -> 0.066666667
A16: 352.0 | B16: Structures & Improvements | C16: 62 | D16: R4.0 | E16: 0.05 | F16: 0.15 | G16: =E16-F16 -> -0.1 | H16: =(1-G16)/C16 -> 0.017741935
A17: 353.0 | B17: Station Equipment | C17: 45 | D17: R1.5 | E17: 0.28 | F17: 0.13 | G17: =E17-F17 -> 0.15 | H17: =(1-G17)/C17 -> 0.018888889
A18: 354.0 | B18: Towers & Fixtures | C18: 68 | D18: R3.0 | E18: 0.25 | F18: 0.35 | G18: =E18-F18 -> -0.1 | H18: =(1-G18)/C18 -> 0.016176471
A19: 355.0 | B19: Poles & Fixtures | C19: 42 | D19: R0.5 | E19: 0.05 | F19: 0.2 | G19: =E19-F19 -> -0.15 | H19: =(1-G19)/C19 -> 0.027380952
A20: 356.0 | B20: OH Cond. & Devices | C20: 64 | D20: R3.0 | E20: 0.3 | F20: 0.18 | G20: =E20-F20 -> 0.12 | H20: =(1-G20)/C20 -> 0.01375
A21: 357.0 | B21: Underground Conduit | C21: 50 | D21: R2.0 | E21: 0 | F21: 0 | G21: =E21-F21 -> 0 | H21: =(1-G21)/C21 -> 0.02
A22: 358 | B22: Underground Conductor and Devices | C22: 20 | D22: L4.0 | E22: 0 | F22: 0 | G22: =E22-F22 -> 0 | H22: =(1-G22)/C22 -> 0.05
A24: GENERAL PLANT
A26: 390.0 | B26: Structures & Improvements | C26: 42 | D26: SQ | E26: 0.36 | F26: 0.11 | G26: =E26-F26 -> 0.25 | H26: =(1-G26)/C26 -> 0.017857143
A27: 391.0 | B27: Office Furniture & Equipment | C27: 30 | D27: SQ | E27: 0 | F27: 0 | G27: =E27-F27 -> 0 | H27: =(1-G27)/C27 -> 0.033333333
A28: 392.0 | B28: Transportation Equipment | C28: 27 | D28: SQ | E28: 0 | F28: 0 | G28: =E28-F28 -> 0 | H28: =(1-G28)/C28 -> 0.037037037
A29: 393.0 | B29: Stores Equipment | C29: 55 | D29: SQ | E29: 0 | F29: 0 | G29: =E29-F29 -> 0 | H29: =(1-G29)/C29 -> 0.018181818
A30: 394.0 | B30: Tools Shop & Garage Equipment | C30: 43 | D30: SQ | E30: 0 | F30: 0.1 | G30: =E30-F30 -> -0.1 | H30: =(1-G30)/C30 -> 0.025581395
A31: 395.0 | B31: Laboratory Equipment | C31: 37 | D31: SQ | E31: 0 | F31: 0 | G31: =E31-F31 -> 0 | H31: =(1-G31)/C31 -> 0.027027027
A32: 396.0 | B32: Power Operated Equipment | C32: 25 | D32: SQ | E32: 0 | F32: 0 | G32: =E32-F32 -> 0 | H32: =(1-G32)/C32 -> 0.04
A33: 397.0 | B33: Communication Equipment | C33: 24 | D33: SQ | E33: 0 | F33: 0.01 | G33: =E33-F33 -> -0.01 | H33: =(1-G33)/C33 -> 0.042083333
A34: 398.0 | B34: Miscellaneous Equipment | C34: 35 | D34: SQ | E34: 0 | F34: 0 | G34: =E34-F34 -> 0 | H34: =(1-G34)/C34 -> 0.028571429
A36: INTANGIBLE PLANT
A37: 303 | B37: Miscellaneous Intangible Plant | C37: 5 | H37: 0.2
A39: Notes
A40: A | B40: The proposed transmission and general plant depreciation rates were determined using the same depreciation study utilized by Appalachian Power Company to develop transmission and general plant depreciation rates that were approved by the Public Service Commission of West Virginia in their order in Case Nos. 14-1152-E-42T and 14-1151-E-D on May 26, 2015.
A41: B | B41: These depreciation rates will not be changed absent a FERC order.

Sheet 11-Corrections
A1: Attachment 11
A2: Prior Period Adjustments or Corrections
A3: =+'Attachment H-30A'!D5 -> Transource Maryland, LLC
D7: (a) | F7: (b)
F8: Calendar Year
D9: Revenue | F9: 2025
A10: Line | D10: Impact of | F10: Revenue
A11: No. | B11: Description | C11: Source | D11: Correction | F11: Requirement
A13: 1 | B13: Filing Name and Date | F13: 0
A14: =+A13+1 -> 2 | B14: Original Revenue Requirement | F14: 0
A15: =+A14+1 -> 3
A16: =+A15+1 -> 4 | B16: Description of Correction 1 | F16: 0
A17: =+A16+1 -> 5 | B17: Description of Correction 2
A18: =+A17+1 -> 6
A19: =+A18+1 -> 7 | B19: Total Corrections | C19: Line 4 + 5 | F19: =+F16+F17 -> 0
A20: =+A19+1 -> 8
A21: =+A20+1 -> 9 | B21: Corrected Revenue Requirement | C21: line 2 + 7 | F21: =+F14+F19 -> 0
A22: =+A21+1 -> 10
A23: =+A22+1 -> 11
A24: =+A23+1 -> 12 | B24: Total Corrections | C24: Line 7 | F24: =+F19 -> 0
A25: =+A24+1 -> 13
A26: =+A25+1 -> 14 | B26: Average Monthly FERC Refund Rate | C26: Note A | F26: 0
A27: =+A26+1 -> 15 | B27: Number of Months of Interest | C27: Note B | F27: 0
A28: =+A27+1 -> 16 | B28: Interest on Correction | C28: Line 12 x 14 x 15 | F28: =+F24*F26*F27 -> 0
A29: =+A28+1 -> 17
A30: =+A29+1 -> 18 | B30: Total Annual Refunds Due to Customers | C30: Line 12+16 | F30: =+F24+F28 -> 0
A33: Notes:
A34: A | B34: The interest rate on corrections will be the average monthly FERC interest rate for the period from the beginning of the year being corrected through the most recent month available as of the time the correction is computed and included in an annual filing.
A35: B | B35: The number of months interest due on the correction will be the number of months from the beginning of the year being corrected through June of the year in which the correction will be reflected in rates. In this manner the interest computed will reflect all years prior to when the correction is reflected in rates plus interest on the average unrefunded balance of the correction during the year the correction is reflected in rates.

Sheet 12 - Revenue Credits
A1: Attachment 12
A2: Revenue Credit Detail
A3: =+'Attachment H-30A'!D5 -> Transource Maryland, LLC
A6: Line No. | B6: (Note 1) | D6: (a) | E6: (b) | F6: (c ) = (a)- (b)
A7: 1 | B7: Account 454 - Rent from Electric Property | C7: Source | D7: Company Total | E7: Less: Non Transmission | F7: Transmission-related
A8: =+A7+1 -> 2 | B8: Joint pole attachments - telephone | C8: Company books | D8: 0 | E8: 0 | F8: =+D8-E8 -> 0
A9: =+A8+1 -> 3 | B9: Joint pole attachments - cable | C9: Company books | D9: 0 | E9: 0 | F9: =+D9-E9 -> 0
A10: =+A9+1 -> 4 | B10: Underground rentals | C10: Company books | D10: 0 | E10: 0 | F10: =+D10-E10 -> 0
A11: =+A10+1 -> 5 | B11: Transmission tower wireless rentals | C11: Company books | D11: 0 | E11: 0 | F11: =+D11-E11 -> 0
A12: =+A11+1 -> 6 | B12: Other rentals | C12: Company books | D12: 0 | E12: 0 | F12: =+D12-E12 -> 0
A13: =+A12+1 -> 7 | B13: Other rentals | C13: Company books | D13: 0 | E13: 0 | F13: =+D13-E13 -> 0
A14: =+A13+1 -> 8 | B14: Account 454 Revenue Credit | C14: Form 1 300.19.b | D14: =+SUM(D8:D13) -> 0 | E14: =+SUM(E8:E13) -> 0 | F14: =+D14-E14 -> 0
B18: Account 456.0 Other Operating Revenues
A19: =+A14+1 -> 9 | B19: Other | C19: Company books | D19: 0 | E19: 0 | F19: =+D19-E19 -> 0
A20: =+A19+1 -> 10 | B20: Other | C20: Company books | D20: 0 | E20: 0 | F20: =+D20-E20 -> 0
A21: =+A20+1 -> 11 | B21: Account 456.0 Revenue Credit | C21: Form 1 300.21.b | D21: =+SUM(D19:D20) -> 0 | E21: =+SUM(E19:E20) -> 0 | F21: =+D21-E21 -> 0
B23: Account 456.1 Revenues from Transmission of Electricity for Others
A24: =+A21+1 -> 12 | B24: PJM NITS | C24: Company books | D24: 0 | E24: 0 | F24: =+D24-E24 -> 0
A25: =+A24+1 -> 13 | B25: PJM Point to Point | C25: Company books | D25: 0 | E25: 0 | F25: =+D25-E25 -> 0
A26: =+A25+1 -> 14 | B26: Over/Under recovery deferral | C26: Company books | D26: 0 | E26: 0 | F26: =+D26-E26 -> 0
A27: =+A26+1 -> 15 | B27: Other PJM revenues | C27: Company books | D27: 1721573.4 | E27: 0 | F27: =+D27-E27 -> 1721573.4
A28: =+A27+1 -> 16 | B28: Other | C28: Company books | D28: 0 | E28: 0 | F28: =+D28-E28 -> 0
A29: =+A28+1 -> 17 | B29: Total Per Books | C29: Form 1 330.n | D29: =+SUM(D24:D28) -> 1721573.4 | E29: =+SUM(E24:E28) -> 0 | F29: =+D29-E29 -> 1721573.4
A30: =+A29+1 -> 18 | B30: Less: revenues received pursuant to this Formula Rate | C30: Company books | D30: =D27 -> 1721573.4 | F30: =+D30-E30 -> 1721573.4
A31: =+A30+1 -> 19 | B31: Less: Over/Under recovery deferral | C31: Company books | D31: 0 | F31: =+D31-E31 -> 0
A32: =+A31+1 -> 20 | B32: Account 456.1 Revenue Credit | C32: ="(Line "&A29&" - line "&A30&" - line "&A31&")" -> (Line 17 - line 18 - line 19) | D32: =+D29-D30-D31 -> 0 | E32: =+E29-E30-E31 -> 0 | F32: =+D32-E32 -> 0
A34: =+A32+1 -> 21 | B34: Total 456.0 and 456.1 Revenue Credits | C34: ="(Line "&A21&" + line "&A32&")" -> (Line 11 + line 20) | D34: =+D21+D32 -> 0 | E34: =+E21+E32 -> 0 | F34: =+F21+F32 -> 0
A37: Note 1 | B37: All 454, 456.0 and 456.1 revenues will be detailed from Company books and records or FERC Form 1, and additional rows added if necessary. Non-transmission related amounts will be deducted to determine transmission-related amounts. Revenues that are not derived from PJM rates which are based on this transmission formula rate will be included as a revenue credit.

Sheet 13 - 30.9 credits
A1: Attachment 13
A2: Facility Credits under Section 30.9 of the PJM OATT
A3: =+'Attachment H-30A'!D5 -> Transource Maryland, LLC
A6: Line No. | C6: Source | D6: Amount
A8: 1 | B8: Facility Credits under Section 30.9 of the PJM OATT | D8: 0
A16: Note: | B16: Under Section 30.9 of the PJM OATT, a network customer that owns existing transmission facilities that are integrated with the Transmission Provider’s Transmission System may be eligible to receive consideration either through a billing credit or some other mechanism. Calculation of any credit under this subsection, pursuant to an approval by FERC for inclusion in this formula rate for collection on behalf of the network customer, shall be addressed in either the Network Customer’s Service Agreement or any other agreement between the Parties.
